Workbook
Name d: [1]proposta!#REF!
Name j: 'planilha de servicos'!#REF!
Name j: #REF!

Sheet base
A1: N | B1: 3
A2: =CONCATENATE($B$1,"|",B2) -> 3|1 | B2: 1 | C2: SERVIÇOS PRELIMINARES | D2: 1 | E2: 50 | F2: 50 | S2: =SUM(E2:P2) -> 100
A3: =CONCATENATE($B$1,"|",B3) -> 3|2 | B3: 2 | C3: TERRAPLENAGEM | D3: 2 | E3: 50 | F3: 50 | S3: =SUM(E3:P3) -> 100
A4: =CONCATENATE($B$1,"|",B4) -> 3|3 | B4: 3 | C4: BASE / SUB-BASE | D4: 3 | E4: 25 | F4: 60 | G4: 15 | S4: =SUM(E4:P4) -> 100
A5: =CONCATENATE($B$1,"|",B5) -> 3|4 | B5: 4 | C5: REVESTIMENTO | D5: 4 | F5: 50 | G5: 50 | S5: =SUM(E5:P5) -> 100
A6: =CONCATENATE($B$1,"|",B6) -> 3|5 | B6: 5 | C6: MEIO-FIO E SARJETA | D6: 5 | E6: 20 | F6: 50 | G6: 30 | S6: =SUM(E6:P6) -> 100
A7: =CONCATENATE($B$1,"|",B7) -> 3|6 | B7: 6 | C7: PAISAGISMO / URBANISMO | D7: 3 | F7: 50 | G7: 50 | S7: =SUM(E7:P7) -> 100
A8: =CONCATENATE($B$1,"|",B8) -> 3|7 | B8: 7 | C8: SINALIZAÇÃO DE TRÂNSITO | D8: 5 | F8: 20 | G8: 80 | S8: =SUM(E8:P8) -> 100
A9: =CONCATENATE($B$1,"|",B9) -> 3|8 | B9: 8 | C9: ILUMINAÇÃO PÚBLICA | D9: 6 | F9: 50 | G9: 50 | S9: =SUM(E9:P9) -> 100
A10: =CONCATENATE($B$1,"|",B10) -> 3|9 | B10: 9 | C10: SERVIÇOS DIVERSOS | D10: 6 | E10: 30 | F10: 40 | G10: 30 | S10: =SUM(E10:P10) -> 100
A11: =CONCATENATE($B$1,"|",B11) -> 3|10 | B11: 10 | C11: DRENAGEM | E11: 60 | F11: 40 | S11: =SUM(E11:P11) -> 100
A12: =CONCATENATE($B$1,"|",B12) -> 3|11 | B12: 11 | C12: ENSAIOS TECNOLÓGICOS | E12: 15 | F12: 60 | G12: 25 | S12: =SUM(E12:P12) -> 100
A14: N | B14: 4
A15: =CONCATENATE($B$14,"|",B15) -> 4|1 | B15: 1 | C15: SERVIÇOS PRELIMINARES | D15: 1 | E15: 45 | F15: 45 | G15: 10 | S15: =SUM(E15:P15) -> 100
A16: =CONCATENATE($B$14,"|",B16) -> 4|2 | B16: 2 | C16: TERRAPLENAGEM | D16: 2 | E16: 40 | F16: 40 | G16: 20 | S16: =SUM(E16:P16) -> 100
A17: =CONCATENATE($B$14,"|",B17) -> 4|3 | B17: 3 | C17: BASE / SUB-BASE | D17: 3 | E17: 20 | F17: 35 | G17: 35 | H17: 10 | S17: =SUM(E17:P17) -> 100
A18: =CONCATENATE($B$14,"|",B18) -> 4|4 | B18: 4 | C18: REVESTIMENTO | D18: 4 | F18: 35 | G18: 35 | H18: 30 | S18: =SUM(E18:P18) -> 100
A19: =CONCATENATE($B$14,"|",B19) -> 4|5 | B19: 5 | C19: MEIO-FIO E SARJETA | D19: 5 | E19: 10 | F19: 35 | G19: 35 | H19: 20 | S19: =SUM(E19:P19) -> 100
A20: =CONCATENATE($B$14,"|",B20) -> 4|6 | B20: 6 | C20: PAISAGISMO / URBANISMO | D20: 3 | F20: 35 | G20: 35 | H20: 30 | S20: =SUM(E20:P20) -> 100
A21: =CONCATENATE($B$14,"|",B21) -> 4|7 | B21: 7 | C21: SINALIZAÇÃO DE TRÂNSITO | D21: 5 | F21: 15 | G21: 60 | H21: 25 | S21: =SUM(E21:P21) -> 100
A22: =CONCATENATE($B$14,"|",B22) -> 4|8 | B22: 8 | C22: ILUMINAÇÃO PÚBLICA | D22: 6 | F22: 30 | G22: 40 | H22: 30 | S22: =SUM(E22:P22) -> 100
A23: =CONCATENATE($B$14,"|",B23) -> 4|9 | B23: 9 | C23: SERVIÇOS DIVERSOS | D23: 6 | E23: 10 | F23: 35 | G23: 35 | H23: 20 | S23: =SUM(E23:P23) -> 100
A24: =CONCATENATE($B$14,"|",B24) -> 4|10 | B24: 10 | C24: DRENAGEM | E24: 40 | F24: 40 | G24: 20 | S24: =SUM(E24:P24) -> 100
A25: =CONCATENATE($B$14,"|",B25) -> 4|11 | B25: 11 | C25: ENSAIOS TECNOLÓGICOS | E25: 10 | F25: 35 | G25: 35 | H25: 20 | S25: =SUM(E25:P25) -> 100
A27: N | B27: 5
A28: =CONCATENATE($B$27,"|",B28) -> 5|1 | B28: 1 | C28: SERVIÇOS PRELIMINARES | D28: 1 | E28: 40 | F28: 30 | G28: 25 | H28: 5 | S28: =SUM(E28:P28) -> 100
A29: =CONCATENATE($B$27,"|",B29) -> 5|2 | B29: 2 | C29: TERRAPLENAGEM | D29: 2 | E29: 30 | F29: 30 | G29: 30 | H29: 10 | S29: =SUM(E29:P29) -> 100
A30: =CONCATENATE($B$27,"|",B30) -> 5|3 | B30: 3 | C30: BASE / SUB-BASE | D30: 3 | E30: 10 | F30: 30 | G30: 30 | H30: 25 | I30: 5 | S30: =SUM(E30:P30) -> 100
A31: =CONCATENATE($B$27,"|",B31) -> 5|4 | B31: 4 | C31: REVESTIMENTO | D31: 4 | F31: 15 | G31: 30 | H31: 30 | I31: 25 | S31: =SUM(E31:P31) -> 100
A32: =CONCATENATE($B$27,"|",B32) -> 5|5 | B32: 5 | C32: MEIO-FIO E SARJETA | D32: 5 | F32: 25 | G32: 35 | H32: 35 | I32: 5 | S32: =SUM(E32:P32) -> 100
A33: =CONCATENATE($B$27,"|",B33) -> 5|6 | B33: 6 | C33: PAISAGISMO / URBANISMO | D33: 3 | F33: 5 | G33: 40 | H33: 30 | I33: 25 | S33: =SUM(E33:P33) -> 100
A34: =CONCATENATE($B$27,"|",B34) -> 5|7 | B34: 7 | C34: SINALIZAÇÃO DE TRÂNSITO | D34: 5 | F34: 10 | G34: 35 | H34: 35 | I34: 20 | S34: =SUM(E34:P34) -> 100
A35: =CONCATENATE($B$27,"|",B35) -> 5|8 | B35: 8 | C35: ILUMINAÇÃO PÚBLICA | D35: 6 | F35: 10 | G35: 35 | H35: 35 | I35: 20 | S35: =SUM(E35:P35) -> 100
A36: =CONCATENATE($B$27,"|",B36) -> 5|9 | B36: 9 | C36: SERVIÇOS DIVERSOS | D36: 6 | E36: 5 | F36: 25 | G36: 25 | H36: 25 | I36: 20 | S36: =SUM(E36:P36) -> 100
A37: =CONCATENATE($B$27,"|",B37) -> 5|10 | B37: 10 | C37: DRENAGEM | E37: 25 | F37: 30 | G37: 30 | H37: 15 | S37: =SUM(E37:P37) -> 100
A38: =CONCATENATE($B$27,"|",B38) -> 5|11 | B38: 11 | C38: ENSAIOS TECNOLÓGICOS | E38: 7 | F38: 21 | G38: 27 | H38: 28 | I38: 17 | S38: =SUM(E38:P38) -> 100
A40: N | B40: 6
A41: =CONCATENATE($B$40,"|",B41) -> 6|1 | B41: 1 | C41: SERVIÇOS PRELIMINARES | D41: 1 | E41: 20 | F41: 30 | G41: 30 | H41: 20 | S41: =SUM(E41:P41) -> 100
A42: =CONCATENATE($B$40,"|",B42) -> 6|2 | B42: 2 | C42: TERRAPLENAGEM | D42: 2 | E42: 15 | F42: 25 | G42: 30 | H42: 25 | I42: 5 | S42: =SUM(E42:P42) -> 100
A43: =CONCATENATE($B$40,"|",B43) -> 6|3 | B43: 3 | C43: BASE / SUB-BASE | D43: 3 | E43: 5 | F43: 20 | G43: 30 | H43: 25 | I43: 20 | S43: =SUM(E43:P43) -> 100
A44: =CONCATENATE($B$40,"|",B44) -> 6|4 | B44: 4 | C44: REVESTIMENTO | D44: 4 | F44: 5 | G44: 20 | H44: 30 | I44: 25 | J44: 20 | S44: =SUM(E44:P44) -> 100
A45: =CONCATENATE($B$40,"|",B45) -> 6|5 | B45: 5 | C45: MEIO-FIO E SARJETA | D45: 5 | F45: 15 | G45: 30 | H45: 30 | I45: 25 | S45: =SUM(E45:P45) -> 100
A46: =CONCATENATE($B$40,"|",B46) -> 6|6 | B46: 6 | C46: PAISAGISMO / URBANISMO | D46: 3 | F46: 5 | G46: 10 | H46: 30 | I46: 30 | J46: 25 | S46: =SUM(E46:P46) -> 100
A47: =CONCATENATE($B$40,"|",B47) -> 6|7 | B47: 7 | C47: SINALIZAÇÃO DE TRÂNSITO | D47: 5 | G47: 20 | H47: 20 | I47: 30 | J47: 30 | S47: =SUM(E47:P47) -> 100
A48: =CONCATENATE($B$40,"|",B48) -> 6|8 | B48: 8 | C48: ILUMINAÇÃO PÚBLICA | D48: 6 | G48: 20 | H48: 30 | I48: 30 | J48: 20 | S48: =SUM(E48:P48) -> 100
A49: =CONCATENATE($B$40,"|",B49) -> 6|9 | B49: 9 | C49: SERVIÇOS DIVERSOS | D49: 6 | E49: 5 | F49: 15 | G49: 25 | H49: 25 | I49: 20 | J49: 10 | S49: =SUM(E49:P49) -> 100
A50: =CONCATENATE($B$40,"|",B50) -> 6|10 | B50: 10 | C50: DRENAGEM | E50: 20 | F50: 30 | G50: 30 | H50: 15 | I50: 5 | S50: =SUM(E50:P50) -> 100
A51: =CONCATENATE($B$40,"|",B51) -> 6|11 | B51: 11 | C51: ENSAIOS TECNOLÓGICOS | E51: 3 | F51: 12 | G51: 25 | H51: 28 | I51: 21 | J51: 11 | S51: =SUM(E51:P51) -> 100
A53: N | B53: 7
A54: =CONCATENATE($B$53,"|",B54) -> 7|1 | B54: 1 | C54: SERVIÇOS PRELIMINARES | D54: 1 | E54: 15 | F54: 30 | G54: 30 | H54: 20 | I54: 5 | S54: =SUM(E54:P54) -> 100
A55: =CONCATENATE($B$53,"|",B55) -> 7|2 | B55: 2 | C55: TERRAPLENAGEM | D55: 2 | E55: 15 | F55: 20 | G55: 25 | H55: 25 | I55: 15 | S55: =SUM(E55:P55) -> 100
A56: =CONCATENATE($B$53,"|",B56) -> 7|3 | B56: 3 | C56: BASE / SUB-BASE | D56: 3 | E56: 5 | F56: 15 | G56: 20 | H56: 25 | I56: 20 | J56: 15 | S56: =SUM(E56:P56) -> 100
A57: =CONCATENATE($B$53,"|",B57) -> 7|4 | B57: 4 | C57: REVESTIMENTO | D57: 4 | G57: 15 | H57: 25 | I57: 25 | J57: 25 | K57: 10 | S57: =SUM(E57:P57) -> 100
A58: =CONCATENATE($B$53,"|",B58) -> 7|5 | B58: 5 | C58: MEIO-FIO E SARJETA | D58: 5 | F58: 10 | G58: 15 | H58: 30 | I58: 30 | J58: 15 | S58: =SUM(E58:P58) -> 100
A59: =CONCATENATE($B$53,"|",B59) -> 7|6 | B59: 6 | C59: PAISAGISMO / URBANISMO | D59: 3 | F59: 5 | G59: 10 | H59: 25 | I59: 25 | J59: 20 | K59: 15 | S59: =SUM(E59:P59) -> 100
A60: =CONCATENATE($B$53,"|",B60) -> 7|7 | B60: 7 | C60: SINALIZAÇÃO DE TRÂNSITO | D60: 5 | G60: 15 | H60: 15 | I60: 25 | J60: 25 | K60: 20 | S60: =SUM(E60:P60) -> 100
A61: =CONCATENATE($B$53,"|",B61) -> 7|8 | B61: 8 | C61: ILUMINAÇÃO PÚBLICA | D61: 6 | G61: 10 | H61: 20 | I61: 20 | J61: 30 | K61: 20 | S61: =SUM(E61:P61) -> 100
A62: =CONCATENATE($B$53,"|",B62) -> 7|9 | B62: 9 | C62: SERVIÇOS DIVERSOS | D62: 6 | E62: 5 | F62: 10 | G62: 20 | H62: 20 | I62: 20 | J62: 15 | K62: 10 | S62: =SUM(E62:P62) -> 100
A63: =CONCATENATE($B$53,"|",B63) -> 7|10 | B63: 10 | C63: DRENAGEM | E63: 15 | F63: 25 | G63: 25 | H63: 20 | I63: 10 | J63: 5 | S63: =SUM(E63:P63) -> 100
A64: =CONCATENATE($B$53,"|",B64) -> 7|11 | B64: 11 | C64: ENSAIOS TECNOLÓGICOS | E64: 2 | F64: 8 | G64: 18 | H64: 20 | I64: 20 | J64: 20 | K64: 12 | S64: =SUM(E64:P64) -> 100
A66: N | B66: 8
A67: =CONCATENATE($B$66,"|",B67) -> 8|1 | B67: 1 | C67: SERVIÇOS PRELIMINARES | D67: 1 | E67: 15 | F67: 20 | G67: 25 | H67: 25 | I67: 10 | J67: 5 | S67: =SUM(E67:P67) -> 100
A68: =CONCATENATE($B$66,"|",B68) -> 8|2 | B68: 2 | C68: TERRAPLENAGEM | D68: 2 | E68: 15 | F68: 20 | G68: 25 | H68: 25 | I68: 10 | J68: 5 | S68: =SUM(E68:P68) -> 100
A69: =CONCATENATE($B$66,"|",B69) -> 8|3 | B69: 3 | C69: BASE / SUB-BASE | D69: 3 | E69: 5 | F69: 10 | G69: 15 | H69: 20 | I69: 20 | J69: 20 | K69: 10 | S69: =SUM(E69:P69) -> 100
A70: =CONCATENATE($B$66,"|",B70) -> 8|4 | B70: 4 | C70: REVESTIMENTO | D70: 4 | G70: 10 | H70: 25 | I70: 25 | J70: 20 | K70: 10 | L70: 10 | S70: =SUM(E70:P70) -> 100
A71: =CONCATENATE($B$66,"|",B71) -> 8|5 | B71: 5 | C71: MEIO-FIO E SARJETA | D71: 5 | F71: 5 | G71: 15 | H71: 25 | I71: 25 | J71: 15 | K71: 15 | S71: =SUM(E71:P71) -> 100
A72: =CONCATENATE($B$66,"|",B72) -> 8|6 | B72: 6 | C72: PAISAGISMO / URBANISMO | D72: 3 | G72: 5 | H72: 20 | I72: 20 | J72: 25 | K72: 20 | L72: 10 | S72: =SUM(E72:P72) -> 100
A73: =CONCATENATE($B$66,"|",B73) -> 8|7 | B73: 7 | C73: SINALIZAÇÃO DE TRÂNSITO | D73: 5 | G73: 5 | H73: 15 | I73: 20 | J73: 25 | K73: 25 | L73: 10 | S73: =SUM(E73:P73) -> 100
A74: =CONCATENATE($B$66,"|",B74) -> 8|8 | B74: 8 | C74: ILUMINAÇÃO PÚBLICA | D74: 6 | H74: 20 | I74: 20 | J74: 30 | K74: 20 | L74: 10 | S74: =SUM(E74:P74) -> 100
A75: =CONCATENATE($B$66,"|",B75) -> 8|9 | B75: 9 | C75: SERVIÇOS DIVERSOS | D75: 6 | E75: 5 | F75: 5 | G75: 10 | H75: 15 | I75: 20 | J75: 20 | K75: 15 | L75: 10 | S75: =SUM(E75:P75) -> 100
A76: =CONCATENATE($B$66,"|",B76) -> 8|10 | B76: 10 | C76: DRENAGEM | E76: 15 | F76: 20 | G76: 20 | H76: 20 | I76: 15 | J76: 10 | S76: =SUM(E76:P76) -> 100
A77: =CONCATENATE($B$66,"|",B77) -> 8|11 | B77: 11 | C77: ENSAIOS TECNOLÓGICOS | E77: 2 | F77: 2 | G77: 13 | H77: 15 | I77: 15 | J77: 22 | K77: 23 | L77: 8 | S77: =SUM(E77:P77) -> 100
A79: N | B79: 9
A80: =CONCATENATE($B$79,"|",B80) -> 9|1 | B80: 1 | C80: SERVIÇOS PRELIMINARES | D80: 1 | E80: 15 | F80: 15 | G80: 20 | H80: 20 | I80: 20 | J80: 10 | S80: =SUM(E80:P80) -> 100
A81: =CONCATENATE($B$79,"|",B81) -> 9|2 | B81: 2 | C81: TERRAPLENAGEM | D81: 2 | E81: 10 | F81: 15 | G81: 20 | H81: 20 | I81: 15 | J81: 15 | K81: 5 | S81: =SUM(E81:P81) -> 100
A82: =CONCATENATE($B$79,"|",B82) -> 9|3 | B82: 3 | C82: BASE / SUB-BASE | D82: 3 | E82: 5 | F82: 10 | G82: 15 | H82: 20 | I82: 20 | J82: 10 | K82: 10 | L82: 10 | S82: =SUM(E82:P82) -> 100
A83: =CONCATENATE($B$79,"|",B83) -> 9|4 | B83: 4 | C83: REVESTIMENTO | D83: 4 | G83: 5 | H83: 15 | I83: 20 | J83: 20 | K83: 20 | L83: 15 | M83: 5 | S83: =SUM(E83:P83) -> 100
A84: =CONCATENATE($B$79,"|",B84) -> 9|5 | B84: 5 | C84: MEIO-FIO E SARJETA | D84: 5 | F84: 5 | G84: 10 | H84: 15 | I84: 20 | J84: 20 | K84: 20 | L84: 10 | S84: =SUM(E84:P84) -> 100
A85: =CONCATENATE($B$79,"|",B85) -> 9|6 | B85: 6 | C85: PAISAGISMO / URBANISMO | D85: 3 | G85: 5 | H85: 10 | I85: 20 | J85: 20 | K85: 20 | L85: 15 | M85: 10 | S85: =SUM(E85:P85) -> 100
A86: =CONCATENATE($B$79,"|",B86) -> 9|7 | B86: 7 | C86: SINALIZAÇÃO DE TRÂNSITO | D86: 5 | H86: 15 | I86: 15 | J86: 15 | K86: 20 | L86: 20 | M86: 15 | S86: =SUM(E86:P86) -> 100
A87: =CONCATENATE($B$79,"|",B87) -> 9|8 | B87: 8 | C87: ILUMINAÇÃO PÚBLICA | D87: 6 | H87: 10 | I87: 20 | J87: 30 | K87: 20 | L87: 10 | M87: 10 | S87: =SUM(E87:P87) -> 100
A88: =CONCATENATE($B$79,"|",B88) -> 9|9 | B88: 9 | C88: SERVIÇOS DIVERSOS | D88: 6 | E88: 5 | F88: 5 | G88: 10 | H88: 15 | I88: 20 | J88: 15 | K88: 15 | L88: 15 | S88: =SUM(E88:P88) -> 100
A89: =CONCATENATE($B$79,"|",B89) -> 9|10 | B89: 10 | C89: DRENAGEM | E89: 10 | F89: 15 | G89: 20 | H89: 20 | I89: 20 | J89: 10 | K89: 5 | S89: =SUM(E89:P89) -> 100
A90: =CONCATENATE($B$79,"|",B90) -> 9|11 | B90: 11 | C90: ENSAIOS TECNOLÓGICOS | E90: 3 | F90: 5 | G90: 11 | H90: 15 | I90: 20 | J90: 16 | K90: 14 | L90: 10 | M90: 6 | S90: =SUM(E90:P90) -> 100
A92: N | B92: 10
A93: =CONCATENATE($B$92,"|",B93) -> 10|1 | B93: 1 | C93: SERVIÇOS PRELIMINARES | D93: 1 | E93: 20 | F93: 20 | G93: 20 | H93: 10 | I93: 10 | J93: 10 | K93: 10 | S93: =SUM(E93:P93) -> 100
A94: =CONCATENATE($B$92,"|",B94) -> 10|2 | B94: 2 | C94: TERRAPLENAGEM | D94: 2 | E94: 5 | F94: 10 | G94: 15 | H94: 20 | I94: 20 | J94: 15 | K94: 10 | L94: 5 | S94: =SUM(E94:P94) -> 100
A95: =CONCATENATE($B$92,"|",B95) -> 10|3 | B95: 3 | C95: BASE / SUB-BASE | D95: 3 | F95: 5 | G95: 10 | H95: 15 | I95: 15 | J95: 15 | K95: 15 | L95: 15 | M95: 10 | S95: =SUM(E95:P95) -> 100
A96: =CONCATENATE($B$92,"|",B96) -> 10|4 | B96: 4 | C96: REVESTIMENTO | D96: 4 | G96: 5 | H96: 5 | I96: 15 | J96: 20 | K96: 20 | L96: 15 | M96: 10 | N96: 10 | S96: =SUM(E96:P96) -> 100
A97: =CONCATENATE($B$92,"|",B97) -> 10|5 | B97: 5 | C97: MEIO-FIO E SARJETA | D97: 5 | G97: 10 | H97: 10 | I97: 10 | J97: 20 | K97: 20 | L97: 20 | M97: 10 | S97: =SUM(E97:P97) -> 100
A98: =CONCATENATE($B$92,"|",B98) -> 10|6 | B98: 6 | C98: PAISAGISMO / URBANISMO | D98: 3 | H98: 5 | I98: 10 | J98: 15 | K98: 20 | L98: 20 | M98: 15 | N98: 15 | S98: =SUM(E98:P98) -> 100
A99: =CONCATENATE($B$92,"|",B99) -> 10|7 | B99: 7 | C99: SINALIZAÇÃO DE TRÂNSITO | D99: 5 | H99: 15 | I99: 15 | J99: 15 | K99: 20 | L99: 15 | M99: 10 | N99: 10 | S99: =SUM(E99:P99) -> 100
A100: =CONCATENATE($B$92,"|",B100) -> 10|8 | B100: 8 | C100: ILUMINAÇÃO PÚBLICA | D100: 6 | H100: 10 | I100: 20 | J100: 20 | K100: 20 | L100: 10 | M100: 10 | N100: 10 | S100: =SUM(E100:P100) -> 100
A101: =CONCATENATE($B$92,"|",B101) -> 10|9 | B101: 9 | C101: SERVIÇOS DIVERSOS | D101: 6 | E101: 5 | F101: 5 | G101: 10 | H101: 10 | I101: 10 | J101: 15 | K101: 15 | L101: 10 | M101: 10 | N101: 10 | S101: =SUM(E101:P101) -> 100
A102: =CONCATENATE($B$92,"|",B102) -> 10|10 | B102: 10 | C102: DRENAGEM | E102: 10 | F102: 15 | G102: 15 | H102: 15 | I102: 15 | J102: 15 | K102: 10 | L102: 5 | S102: =SUM(E102:P102) -> 100
A103: =CONCATENATE($B$92,"|",B103) -> 10|11 | B103: 11 | C103: ENSAIOS TECNOLÓGICOS | E103: 2 | F103: 2 | G103: 14 | H103: 14 | I103: 15 | J103: 15 | K103: 15 | L103: 15 | M103: 5 | N103: 3 | S103: =SUM(E103:P103) -> 100
A105: N | B105: 11
A106: =CONCATENATE($B$105,"|",B106) -> 11|1 | B106: 1 | C106: SERVIÇOS PRELIMINARES | D106: 1 | E106: 10 | F106: 20 | G106: 20 | H106: 20 | I106: 10 | J106: 10 | K106: 10 | S106: =SUM(E106:P106) -> 100
A107: =CONCATENATE($B$105,"|",B107) -> 11|2 | B107: 2 | C107: TERRAPLENAGEM | D107: 2 | E107: 5 | F107: 10 | G107: 10 | H107: 15 | I107: 15 | J107: 15 | K107: 15 | L107: 10 | M107: 5 | S107: =SUM(E107:P107) -> 100
A108: =CONCATENATE($B$105,"|",B108) -> 11|3 | B108: 3 | C108: BASE / SUB-BASE | D108: 3 | F108: 5 | G108: 10 | H108: 10 | I108: 15 | J108: 15 | K108: 15 | L108: 10 | M108: 10 | N108: 10 | S108: =SUM(E108:P108) -> 100
...

Sheet base (2)
A1: N | B1: 3
A2: =CONCATENATE($B$1,"|",B2) -> 3|1 | B2: 1 | C2: SERVIÇOS PRELIMINARES | D2: 1 | E2: 50 | F2: 50 | S2: =SUM(E2:P2) -> 100
A3: =CONCATENATE($B$1,"|",B3) -> 3|2 | B3: 2 | C3: TERRAPLENAGEM | D3: 2 | E3: 50 | F3: 50 | S3: =SUM(E3:P3) -> 100
A4: =CONCATENATE($B$1,"|",B4) -> 3|3 | B4: 3 | C4: BASE / SUB-BASE | D4: 3 | E4: 25 | F4: 60 | G4: 15 | S4: =SUM(E4:P4) -> 100
A5: =CONCATENATE($B$1,"|",B5) -> 3|4 | B5: 4 | C5: REVESTIMENTO | D5: 4 | F5: 50 | G5: 50 | S5: =SUM(E5:P5) -> 100
A6: =CONCATENATE($B$1,"|",B6) -> 3|5 | B6: 5 | C6: MEIO-FIO E SARJETA | D6: 5 | E6: 20 | F6: 50 | G6: 30 | S6: =SUM(E6:P6) -> 100
A7: =CONCATENATE($B$1,"|",B7) -> 3|6 | B7: 6 | C7: PAISAGISMO / URBANISMO | D7: 3 | F7: 50 | G7: 50 | S7: =SUM(E7:P7) -> 100
A8: =CONCATENATE($B$1,"|",B8) -> 3|7 | B8: 7 | C8: SINALIZAÇÃO DE TRÂNSITO | D8: 5 | F8: 20 | G8: 80 | S8: =SUM(E8:P8) -> 100
A9: =CONCATENATE($B$1,"|",B9) -> 3|8 | B9: 8 | C9: ILUMINAÇÃO PÚBLICA | D9: 6 | F9: 50 | G9: 50 | S9: =SUM(E9:P9) -> 100
A10: =CONCATENATE($B$1,"|",B10) -> 3|9 | B10: 9 | C10: SERVIÇOS DIVERSOS | D10: 6 | E10: 30 | F10: 40 | G10: 30 | S10: =SUM(E10:P10) -> 100
A11: =CONCATENATE($B$1,"|",B11) -> 3|10 | B11: 10 | C11: DRENAGEM | E11: 60 | F11: 40 | S11: =SUM(E11:P11) -> 100
A12: =CONCATENATE($B$1,"|",B12) -> 3|11 | B12: 11 | C12: ENSAIOS TECNOLÓGICOS | E12: 15 | F12: 60 | G12: 25 | S12: =SUM(E12:P12) -> 100
A14: N | B14: 4
A15: =CONCATENATE($B$14,"|",B15) -> 4|1 | B15: 1 | C15: SERVIÇOS PRELIMINARES | D15: 1 | E15: 45 | F15: 45 | G15: 10 | S15: =SUM(E15:P15) -> 100
A16: =CONCATENATE($B$14,"|",B16) -> 4|2 | B16: 2 | C16: TERRAPLENAGEM | D16: 2 | E16: 40 | F16: 40 | G16: 20 | S16: =SUM(E16:P16) -> 100
A17: =CONCATENATE($B$14,"|",B17) -> 4|3 | B17: 3 | C17: BASE / SUB-BASE | D17: 3 | E17: 20 | F17: 35 | G17: 35 | H17: 10 | S17: =SUM(E17:P17) -> 100
A18: =CONCATENATE($B$14,"|",B18) -> 4|4 | B18: 4 | C18: REVESTIMENTO | D18: 4 | F18: 35 | G18: 35 | H18: 30 | S18: =SUM(E18:P18) -> 100
A19: =CONCATENATE($B$14,"|",B19) -> 4|5 | B19: 5 | C19: MEIO-FIO E SARJETA | D19: 5 | E19: 10 | F19: 35 | G19: 35 | H19: 20 | S19: =SUM(E19:P19) -> 100
A20: =CONCATENATE($B$14,"|",B20) -> 4|6 | B20: 6 | C20: PAISAGISMO / URBANISMO | D20: 3 | F20: 35 | G20: 35 | H20: 30 | S20: =SUM(E20:P20) -> 100
A21: =CONCATENATE($B$14,"|",B21) -> 4|7 | B21: 7 | C21: SINALIZAÇÃO DE TRÂNSITO | D21: 5 | F21: 15 | G21: 60 | H21: 25 | S21: =SUM(E21:P21) -> 100
A22: =CONCATENATE($B$14,"|",B22) -> 4|8 | B22: 8 | C22: ILUMINAÇÃO PÚBLICA | D22: 6 | F22: 30 | G22: 40 | H22: 30 | S22: =SUM(E22:P22) -> 100
A23: =CONCATENATE($B$14,"|",B23) -> 4|9 | B23: 9 | C23: SERVIÇOS DIVERSOS | D23: 6 | E23: 10 | F23: 35 | G23: 35 | H23: 20 | S23: =SUM(E23:P23) -> 100
A24: =CONCATENATE($B$14,"|",B24) -> 4|10 | B24: 10 | C24: DRENAGEM | E24: 40 | F24: 40 | G24: 20 | S24: =SUM(E24:P24) -> 100
A25: =CONCATENATE($B$14,"|",B25) -> 4|11 | B25: 11 | C25: ENSAIOS TECNOLÓGICOS | E25: 10 | F25: 35 | G25: 35 | H25: 20 | S25: =SUM(E25:P25) -> 100
A27: N | B27: 5
A28: =CONCATENATE($B$27,"|",B28) -> 5|1 | B28: 1 | C28: SERVIÇOS PRELIMINARES | D28: 1 | E28: 40 | F28: 30 | G28: 25 | H28: 5 | S28: =SUM(E28:P28) -> 100
A29: =CONCATENATE($B$27,"|",B29) -> 5|2 | B29: 2 | C29: TERRAPLENAGEM | D29: 2 | E29: 30 | F29: 30 | G29: 30 | H29: 10 | S29: =SUM(E29:P29) -> 100
A30: =CONCATENATE($B$27,"|",B30) -> 5|3 | B30: 3 | C30: BASE / SUB-BASE | D30: 3 | E30: 10 | F30: 30 | G30: 30 | H30: 25 | I30: 5 | S30: =SUM(E30:P30) -> 100
A31: =CONCATENATE($B$27,"|",B31) -> 5|4 | B31: 4 | C31: REVESTIMENTO | D31: 4 | F31: 15 | G31: 30 | H31: 30 | I31: 25 | S31: =SUM(E31:P31) -> 100
A32: =CONCATENATE($B$27,"|",B32) -> 5|5 | B32: 5 | C32: MEIO-FIO E SARJETA | D32: 5 | F32: 25 | G32: 35 | H32: 35 | I32: 5 | S32: =SUM(E32:P32) -> 100
A33: =CONCATENATE($B$27,"|",B33) -> 5|6 | B33: 6 | C33: PAISAGISMO / URBANISMO | D33: 3 | F33: 5 | G33: 40 | H33: 30 | I33: 25 | S33: =SUM(E33:P33) -> 100
A34: =CONCATENATE($B$27,"|",B34) -> 5|7 | B34: 7 | C34: SINALIZAÇÃO DE TRÂNSITO | D34: 5 | F34: 10 | G34: 35 | H34: 35 | I34: 20 | S34: =SUM(E34:P34) -> 100
A35: =CONCATENATE($B$27,"|",B35) -> 5|8 | B35: 8 | C35: ILUMINAÇÃO PÚBLICA | D35: 6 | F35: 10 | G35: 35 | H35: 35 | I35: 20 | S35: =SUM(E35:P35) -> 100
A36: =CONCATENATE($B$27,"|",B36) -> 5|9 | B36: 9 | C36: SERVIÇOS DIVERSOS | D36: 6 | E36: 5 | F36: 25 | G36: 25 | H36: 25 | I36: 20 | S36: =SUM(E36:P36) -> 100
A37: =CONCATENATE($B$27,"|",B37) -> 5|10 | B37: 10 | C37: DRENAGEM | E37: 25 | F37: 30 | G37: 30 | H37: 15 | S37: =SUM(E37:P37) -> 100
A38: =CONCATENATE($B$27,"|",B38) -> 5|11 | B38: 11 | C38: ENSAIOS TECNOLÓGICOS | E38: 7 | F38: 21 | G38: 27 | H38: 28 | I38: 17 | S38: =SUM(E38:P38) -> 100
A40: N | B40: 6
A41: =CONCATENATE($B$40,"|",B41) -> 6|1 | B41: 1 | C41: SERVIÇOS PRELIMINARES | D41: 1 | E41: 20 | F41: 30 | G41: 30 | H41: 20 | S41: =SUM(E41:P41) -> 100
A42: =CONCATENATE($B$40,"|",B42) -> 6|2 | B42: 2 | C42: TERRAPLENAGEM | D42: 2 | E42: 15 | F42: 25 | G42: 30 | H42: 25 | I42: 5 | S42: =SUM(E42:P42) -> 100
A43: =CONCATENATE($B$40,"|",B43) -> 6|3 | B43: 3 | C43: BASE / SUB-BASE | D43: 3 | E43: 5 | F43: 20 | G43: 30 | H43: 25 | I43: 20 | S43: =SUM(E43:P43) -> 100
A44: =CONCATENATE($B$40,"|",B44) -> 6|4 | B44: 4 | C44: REVESTIMENTO | D44: 4 | F44: 5 | G44: 20 | H44: 30 | I44: 25 | J44: 20 | S44: =SUM(E44:P44) -> 100
A45: =CONCATENATE($B$40,"|",B45) -> 6|5 | B45: 5 | C45: MEIO-FIO E SARJETA | D45: 5 | F45: 15 | G45: 30 | H45: 30 | I45: 25 | S45: =SUM(E45:P45) -> 100
A46: =CONCATENATE($B$40,"|",B46) -> 6|6 | B46: 6 | C46: PAISAGISMO / URBANISMO | D46: 3 | F46: 5 | G46: 10 | H46: 30 | I46: 30 | J46: 25 | S46: =SUM(E46:P46) -> 100
A47: =CONCATENATE($B$40,"|",B47) -> 6|7 | B47: 7 | C47: SINALIZAÇÃO DE TRÂNSITO | D47: 5 | G47: 20 | H47: 20 | I47: 30 | J47: 30 | S47: =SUM(E47:P47) -> 100
A48: =CONCATENATE($B$40,"|",B48) -> 6|8 | B48: 8 | C48: ILUMINAÇÃO PÚBLICA | D48: 6 | G48: 20 | H48: 30 | I48: 30 | J48: 20 | S48: =SUM(E48:P48) -> 100
A49: =CONCATENATE($B$40,"|",B49) -> 6|9 | B49: 9 | C49: SERVIÇOS DIVERSOS | D49: 6 | E49: 5 | F49: 15 | G49: 25 | H49: 25 | I49: 20 | J49: 10 | S49: =SUM(E49:P49) -> 100
A50: =CONCATENATE($B$40,"|",B50) -> 6|10 | B50: 10 | C50: DRENAGEM | E50: 20 | F50: 30 | G50: 30 | H50: 15 | I50: 5 | S50: =SUM(E50:P50) -> 100
A51: =CONCATENATE($B$40,"|",B51) -> 6|11 | B51: 11 | C51: ENSAIOS TECNOLÓGICOS | E51: 3 | F51: 12 | G51: 25 | H51: 28 | I51: 21 | J51: 11 | S51: =SUM(E51:P51) -> 100
A53: N | B53: 7
A54: =CONCATENATE($B$53,"|",B54) -> 7|1 | B54: 1 | C54: SERVIÇOS PRELIMINARES | D54: 1 | E54: 15 | F54: 30 | G54: 30 | H54: 20 | I54: 5 | S54: =SUM(E54:P54) -> 100
A55: =CONCATENATE($B$53,"|",B55) -> 7|2 | B55: 2 | C55: TERRAPLENAGEM | D55: 2 | E55: 15 | F55: 20 | G55: 25 | H55: 25 | I55: 15 | S55: =SUM(E55:P55) -> 100
A56: =CONCATENATE($B$53,"|",B56) -> 7|3 | B56: 3 | C56: BASE / SUB-BASE | D56: 3 | E56: 5 | F56: 15 | G56: 20 | H56: 25 | I56: 20 | J56: 15 | S56: =SUM(E56:P56) -> 100
A57: =CONCATENATE($B$53,"|",B57) -> 7|4 | B57: 4 | C57: REVESTIMENTO | D57: 4 | G57: 15 | H57: 25 | I57: 25 | J57: 25 | K57: 10 | S57: =SUM(E57:P57) -> 100
A58: =CONCATENATE($B$53,"|",B58) -> 7|5 | B58: 5 | C58: MEIO-FIO E SARJETA | D58: 5 | F58: 10 | G58: 15 | H58: 30 | I58: 30 | J58: 15 | S58: =SUM(E58:P58) -> 100
A59: =CONCATENATE($B$53,"|",B59) -> 7|6 | B59: 6 | C59: PAISAGISMO / URBANISMO | D59: 3 | F59: 5 | G59: 10 | H59: 25 | I59: 25 | J59: 20 | K59: 15 | S59: =SUM(E59:P59) -> 100
A60: =CONCATENATE($B$53,"|",B60) -> 7|7 | B60: 7 | C60: SINALIZAÇÃO DE TRÂNSITO | D60: 5 | G60: 15 | H60: 15 | I60: 25 | J60: 25 | K60: 20 | S60: =SUM(E60:P60) -> 100
A61: =CONCATENATE($B$53,"|",B61) -> 7|8 | B61: 8 | C61: ILUMINAÇÃO PÚBLICA | D61: 6 | G61: 10 | H61: 20 | I61: 20 | J61: 30 | K61: 20 | S61: =SUM(E61:P61) -> 100
A62: =CONCATENATE($B$53,"|",B62) -> 7|9 | B62: 9 | C62: SERVIÇOS DIVERSOS | D62: 6 | E62: 5 | F62: 10 | G62: 20 | H62: 20 | I62: 20 | J62: 15 | K62: 10 | S62: =SUM(E62:P62) -> 100
A63: =CONCATENATE($B$53,"|",B63) -> 7|10 | B63: 10 | C63: DRENAGEM | E63: 15 | F63: 25 | G63: 25 | H63: 20 | I63: 10 | J63: 5 | S63: =SUM(E63:P63) -> 100
A64: =CONCATENATE($B$53,"|",B64) -> 7|11 | B64: 11 | C64: ENSAIOS TECNOLÓGICOS | E64: 2 | F64: 8 | G64: 18 | H64: 20 | I64: 20 | J64: 20 | K64: 12 | S64: =SUM(E64:P64) -> 100
A66: N | B66: 8
A67: =CONCATENATE($B$66,"|",B67) -> 8|1 | B67: 1 | C67: SERVIÇOS PRELIMINARES | D67: 1 | E67: 15 | F67: 20 | G67: 25 | H67: 25 | I67: 10 | J67: 5 | S67: =SUM(E67:P67) -> 100
A68: =CONCATENATE($B$66,"|",B68) -> 8|2 | B68: 2 | C68: TERRAPLENAGEM | D68: 2 | E68: 15 | F68: 20 | G68: 25 | H68: 25 | I68: 10 | J68: 5 | S68: =SUM(E68:P68) -> 100
A69: =CONCATENATE($B$66,"|",B69) -> 8|3 | B69: 3 | C69: BASE / SUB-BASE | D69: 3 | E69: 5 | F69: 10 | G69: 15 | H69: 20 | I69: 20 | J69: 20 | K69: 10 | S69: =SUM(E69:P69) -> 100
A70: =CONCATENATE($B$66,"|",B70) -> 8|4 | B70: 4 | C70: REVESTIMENTO | D70: 4 | G70: 10 | H70: 25 | I70: 25 | J70: 20 | K70: 10 | L70: 10 | S70: =SUM(E70:P70) -> 100
A71: =CONCATENATE($B$66,"|",B71) -> 8|5 | B71: 5 | C71: MEIO-FIO E SARJETA | D71: 5 | F71: 5 | G71: 15 | H71: 25 | I71: 25 | J71: 15 | K71: 15 | S71: =SUM(E71:P71) -> 100
A72: =CONCATENATE($B$66,"|",B72) -> 8|6 | B72: 6 | C72: PAISAGISMO / URBANISMO | D72: 3 | G72: 5 | H72: 20 | I72: 20 | J72: 25 | K72: 20 | L72: 10 | S72: =SUM(E72:P72) -> 100
A73: =CONCATENATE($B$66,"|",B73) -> 8|7 | B73: 7 | C73: SINALIZAÇÃO DE TRÂNSITO | D73: 5 | G73: 5 | H73: 15 | I73: 20 | J73: 25 | K73: 25 | L73: 10 | S73: =SUM(E73:P73) -> 100
A74: =CONCATENATE($B$66,"|",B74) -> 8|8 | B74: 8 | C74: ILUMINAÇÃO PÚBLICA | D74: 6 | H74: 20 | I74: 20 | J74: 30 | K74: 20 | L74: 10 | S74: =SUM(E74:P74) -> 100
A75: =CONCATENATE($B$66,"|",B75) -> 8|9 | B75: 9 | C75: SERVIÇOS DIVERSOS | D75: 6 | E75: 5 | F75: 5 | G75: 10 | H75: 15 | I75: 20 | J75: 20 | K75: 15 | L75: 10 | S75: =SUM(E75:P75) -> 100
A76: =CONCATENATE($B$66,"|",B76) -> 8|10 | B76: 10 | C76: DRENAGEM | E76: 15 | F76: 20 | G76: 20 | H76: 20 | I76: 15 | J76: 10 | S76: =SUM(E76:P76) -> 100
A77: =CONCATENATE($B$66,"|",B77) -> 8|11 | B77: 11 | C77: ENSAIOS TECNOLÓGICOS | E77: 2 | F77: 2 | G77: 13 | H77: 15 | I77: 15 | J77: 22 | K77: 23 | L77: 8 | S77: =SUM(E77:P77) -> 100
A79: N | B79: 9
A80: =CONCATENATE($B$79,"|",B80) -> 9|1 | B80: 1 | C80: SERVIÇOS PRELIMINARES | D80: 1 | E80: 15 | F80: 15 | G80: 20 | H80: 20 | I80: 20 | J80: 10 | S80: =SUM(E80:P80) -> 100
A81: =CONCATENATE($B$79,"|",B81) -> 9|2 | B81: 2 | C81: TERRAPLENAGEM | D81: 2 | E81: 10 | F81: 15 | G81: 20 | H81: 20 | I81: 15 | J81: 15 | K81: 5 | S81: =SUM(E81:P81) -> 100
A82: =CONCATENATE($B$79,"|",B82) -> 9|3 | B82: 3 | C82: BASE / SUB-BASE | D82: 3 | E82: 5 | F82: 10 | G82: 15 | H82: 20 | I82: 20 | J82: 10 | K82: 10 | L82: 10 | S82: =SUM(E82:P82) -> 100
A83: =CONCATENATE($B$79,"|",B83) -> 9|4 | B83: 4 | C83: REVESTIMENTO | D83: 4 | G83: 5 | H83: 15 | I83: 20 | J83: 20 | K83: 20 | L83: 15 | M83: 5 | S83: =SUM(E83:P83) -> 100
A84: =CONCATENATE($B$79,"|",B84) -> 9|5 | B84: 5 | C84: MEIO-FIO E SARJETA | D84: 5 | F84: 5 | G84: 10 | H84: 15 | I84: 20 | J84: 20 | K84: 20 | L84: 10 | S84: =SUM(E84:P84) -> 100
A85: =CONCATENATE($B$79,"|",B85) -> 9|6 | B85: 6 | C85: PAISAGISMO / URBANISMO | D85: 3 | G85: 5 | H85: 10 | I85: 20 | J85: 20 | K85: 20 | L85: 15 | M85: 10 | S85: =SUM(E85:P85) -> 100
A86: =CONCATENATE($B$79,"|",B86) -> 9|7 | B86: 7 | C86: SINALIZAÇÃO DE TRÂNSITO | D86: 5 | H86: 15 | I86: 15 | J86: 15 | K86: 20 | L86: 20 | M86: 15 | S86: =SUM(E86:P86) -> 100
A87: =CONCATENATE($B$79,"|",B87) -> 9|8 | B87: 8 | C87: ILUMINAÇÃO PÚBLICA | D87: 6 | H87: 10 | I87: 20 | J87: 30 | K87: 20 | L87: 10 | M87: 10 | S87: =SUM(E87:P87) -> 100
A88: =CONCATENATE($B$79,"|",B88) -> 9|9 | B88: 9 | C88: SERVIÇOS DIVERSOS | D88: 6 | E88: 5 | F88: 5 | G88: 10 | H88: 15 | I88: 20 | J88: 15 | K88: 15 | L88: 15 | S88: =SUM(E88:P88) -> 100
A89: =CONCATENATE($B$79,"|",B89) -> 9|10 | B89: 10 | C89: DRENAGEM | E89: 10 | F89: 15 | G89: 20 | H89: 20 | I89: 20 | J89: 10 | K89: 5 | S89: =SUM(E89:P89) -> 100
A90: =CONCATENATE($B$79,"|",B90) -> 9|11 | B90: 11 | C90: ENSAIOS TECNOLÓGICOS | E90: 3 | F90: 5 | G90: 11 | H90: 15 | I90: 20 | J90: 16 | K90: 14 | L90: 10 | M90: 6 | S90: =SUM(E90:P90) -> 100
A92: N | B92: 10
A93: =CONCATENATE($B$92,"|",B93) -> 10|1 | B93: 1 | C93: SERVIÇOS PRELIMINARES | D93: 1 | E93: 20 | F93: 20 | G93: 20 | H93: 10 | I93: 10 | J93: 10 | K93: 10 | S93: =SUM(E93:P93) -> 100
A94: =CONCATENATE($B$92,"|",B94) -> 10|2 | B94: 2 | C94: TERRAPLENAGEM | D94: 2 | E94: 5 | F94: 10 | G94: 15 | H94: 20 | I94: 20 | J94: 15 | K94: 10 | L94: 5 | S94: =SUM(E94:P94) -> 100
A95: =CONCATENATE($B$92,"|",B95) -> 10|3 | B95: 3 | C95: BASE / SUB-BASE | D95: 3 | F95: 5 | G95: 10 | H95: 15 | I95: 15 | J95: 15 | K95: 15 | L95: 15 | M95: 10 | S95: =SUM(E95:P95) -> 100
A96: =CONCATENATE($B$92,"|",B96) -> 10|4 | B96: 4 | C96: REVESTIMENTO | D96: 4 | G96: 5 | H96: 5 | I96: 15 | J96: 20 | K96: 20 | L96: 15 | M96: 10 | N96: 10 | S96: =SUM(E96:P96) -> 100
A97: =CONCATENATE($B$92,"|",B97) -> 10|5 | B97: 5 | C97: MEIO-FIO E SARJETA | D97: 5 | G97: 10 | H97: 10 | I97: 10 | J97: 20 | K97: 20 | L97: 20 | M97: 10 | S97: =SUM(E97:P97) -> 100
A98: =CONCATENATE($B$92,"|",B98) -> 10|6 | B98: 6 | C98: PAISAGISMO / URBANISMO | D98: 3 | H98: 5 | I98: 10 | J98: 15 | K98: 20 | L98: 20 | M98: 15 | N98: 15 | S98: =SUM(E98:P98) -> 100
A99: =CONCATENATE($B$92,"|",B99) -> 10|7 | B99: 7 | C99: SINALIZAÇÃO DE TRÂNSITO | D99: 5 | H99: 15 | I99: 15 | J99: 15 | K99: 20 | L99: 15 | M99: 10 | N99: 10 | S99: =SUM(E99:P99) -> 100
A100: =CONCATENATE($B$92,"|",B100) -> 10|8 | B100: 8 | C100: ILUMINAÇÃO PÚBLICA | D100: 6 | H100: 10 | I100: 20 | J100: 20 | K100: 20 | L100: 10 | M100: 10 | N100: 10 | S100: =SUM(E100:P100) -> 100
A101: =CONCATENATE($B$92,"|",B101) -> 10|9 | B101: 9 | C101: SERVIÇOS DIVERSOS | D101: 6 | E101: 5 | F101: 5 | G101: 10 | H101: 10 | I101: 10 | J101: 15 | K101: 15 | L101: 10 | M101: 10 | N101: 10 | S101: =SUM(E101:P101) -> 100
A102: =CONCATENATE($B$92,"|",B102) -> 10|10 | B102: 10 | C102: DRENAGEM | E102: 10 | F102: 15 | G102: 15 | H102: 15 | I102: 15 | J102: 15 | K102: 10 | L102: 5 | S102: =SUM(E102:P102) -> 100
A103: =CONCATENATE($B$92,"|",B103) -> 10|11 | B103: 11 | C103: ENSAIOS TECNOLÓGICOS | E103: 2 | F103: 2 | G103: 14 | H103: 14 | I103: 15 | J103: 15 | K103: 15 | L103: 15 | M103: 5 | N103: 3 | S103: =SUM(E103:P103) -> 100
A105: N | B105: 11
A106: =CONCATENATE($B$105,"|",B106) -> 11|1 | B106: 1 | C106: SERVIÇOS PRELIMINARES | D106: 1 | E106: 10 | F106: 20 | G106: 20 | H106: 20 | I106: 10 | J106: 10 | K106: 10 | S106: =SUM(E106:P106) -> 100
A107: =CONCATENATE($B$105,"|",B107) -> 11|2 | B107: 2 | C107: TERRAPLENAGEM | D107: 2 | E107: 5 | F107: 10 | G107: 10 | H107: 15 | I107: 15 | J107: 15 | K107: 15 | L107: 10 | M107: 5 | S107: =SUM(E107:P107) -> 100
A108: =CONCATENATE($B$105,"|",B108) -> 11|3 | B108: 3 | C108: BASE / SUB-BASE | D108: 3 | F108: 5 | G108: 10 | H108: 10 | I108: 15 | J108: 15 | K108: 15 | L108: 10 | M108: 10 | N108: 10 | S108: =SUM(E108:P108) -> 100
...

Sheet Cronograma SFM
B1: SFM | C1: SECRETARIA DE ESTADO DO DESENVOLVIMENTO URBANO - SEDU | K1: PAVIMENTAÇÃO
B2: Município: | C2: PIÊN | F2: SAM | G2: 73 | H2: Edital no Município | J2: Procedimento prévio | L2: Início previsto da Obra | P2: Empréstimo | S2: 875258.21 | T2: =IF(S4=0,0,S2/S4) -> 0.75542056 | X2: 1158637
B3: Projeto: | C3: PAVIMENTAÇÃO DE VIA URBANA | F3: LOTE nº | G3: 1 | H3: Data | I3: =TODAY() -> 44699 | J3: Dias | K3: =80-10 -> 70 | L3: Data | M3: =I3+K3+10 -> 44779 | P3: Contrapartida do Proponente | S3: =X2-S2 -> 283378.79 | T3: =IF(S3=0,0,1-T2) -> 0.24457944
B4: Quantidade: | C4: 5321.14 | E4: CRONOGRAMA FÍSICO FINANCEIRO | P4: Valor Total | S4: =SUM(S2:S3) -> 1158637 | T4: =SUM(T2:T3) -> 1
B5: GRUPO | C5: SERVIÇOS | E5: N | F5: PARCELAS (%) | S5: TOTAL | T5: % S/ | W5: Controle | X5: =IF(S4=S51,"OK","erro") -> OK
B6: ITEM | E6: 6 | F6: =IF(E6=0,0,1) -> 1 | G6: =IF($E$6<2,0,2) -> 2 | H6: =IF($E$6<3,0,3) -> 3 | I6: =IF($E$6<4,0,4) -> 4 | J6: =IF($E$6<5,0,5) -> 5 | K6: =IF($E$6<6,0,6) -> 6 | L6: =IF($E$6<7,0,7) -> 0 | M6: =IF($E$6<8,0,8) -> 0 | N6: =IF($E$6<9,0,9) -> 0 | O6: =IF($E$6<10,0,10) -> 0 | P6: =IF($E$6<11,0,11) -> 0 | Q6: =IF($E$6<12,0,12) -> 0 | S6: ITEM (R$) | T6: TOTAL
C7: Data Início | F7: =IF(E6=0,0,M3) -> 44779 | G7: =IF(G6=0,0,F8+1) -> 44810 | H7: =IF(H6=0,0,G8+1) -> 44841 | I7: =IF(I6=0,0,H8+1) -> 44872 | J7: =IF(J6=0,0,I8+1) -> 44903 | K7: =IF(K6=0,0,J8+1) -> 44934 | L7: =IF(L6=0,0,K8+1) -> 0 | M7: =IF(M6=0,0,L8+1) -> 0 | N7: =IF(N6=0,0,M8+1) -> 0 | ... Q7: =IF(Q6=0,0,P8+1) -> 0
C8: Data Fim | F8: =IF(E6=0,0,F7+30) -> 44809 | G8: =IF(G6=0,0,G7+30) -> 44840 | H8: =IF(H6=0,0,H7+30) -> 44871 | I8: =IF(I6=0,0,I7+30) -> 44902 | J8: =IF(J6=0,0,J7+30) -> 44933 | K8: =IF(K6=0,0,K7+30) -> 44964 | L8: =IF(L6=0,0,L7+30) -> 0 | M8: =IF(M6=0,0,M7+30) -> 0 | N8: =IF(N6=0,0,N7+30) -> 0 | ... Q8: =IF(Q6=0,0,Q7+30) -> 0
A9: =CONCATENATE($E$6,"|",B9) -> 6|1 | B9: 1 | C9: SERVIÇOS PRELIMINARES | E9: 1 | F9: =IF(E$6<3,0,IF(F$6=0,0,VLOOKUP($A9,base!$A:$P,F$6+4,FALSE))) -> 20 | G9: =IF(E$6<3,0,IF(G$6=0,0,VLOOKUP($A9,base!$A:$P,G$6+4,FALSE))) -> 30 | H9: =IF(H$6=0,0,VLOOKUP($A9,base!$A:$P,H$6+4,FALSE)) -> 30 | I9: =IF(I$6=0,0,VLOOKUP($A9,base!$A:$P,I$6+4,FALSE)) -> 20 | J9: =IF(J$6=0,0,VLOOKUP($A9,base!$A:$P,J$6+4,FALSE)) -> 0 | K9: =IF(K$6=0,0,VLOOKUP($A9,base!$A:$P,K$6+4,FALSE)) -> 0 | L9: =IF(L$6=0,0,VLOOKUP($A9,base!$A:$P,L$6+4,FALSE)) -> 0 | M9: =IF(M$6=0,0,VLOOKUP($A9,base!$A:$P,M$6+4,FALSE)) -> 0 | N9: =IF(N$6=0,0,VLOOKUP($A9,base!$A:$P,N$6+4,FALSE)) -> 0 | O9: =IF(O$6=0,0,VLOOKUP($A9,base!$A:$P,O$6+4,FALSE)) -> 0 | ... Q9: =IF(Q$6=0,0,VLOOKUP($A9,base!$A:$P,Q$6+4,FALSE)) -> 0 | S9: 2132.69 | T9: =IF($S$21=0,0,(S9/$S$21)*100) -> 0.18406887 | W9: =SUM(F9:Q9) -> 100
A10: =CONCATENATE($E$6,"|",B10) -> 6|2 | B10: 2 | C10: TERRAPLENAGEM | E10: 2 | F10: =IF(E$6<3,0,IF(F$6=0,0,VLOOKUP($A10,base!$A:$P,F$6+4,FALSE))) -> 15 | G10: =IF(E$6<3,0,IF(G$6=0,0,VLOOKUP($A10,base!$A:$P,G$6+4,FALSE))) -> 25 | H10: =IF(H$6=0,0,VLOOKUP($A10,base!$A:$P,H$6+4,FALSE)) -> 30 | I10: =IF(I$6=0,0,VLOOKUP($A10,base!$A:$P,I$6+4,FALSE)) -> 25 | J10: =IF(J$6=0,0,VLOOKUP($A10,base!$A:$P,J$6+4,FALSE)) -> 5 | K10: =IF(K$6=0,0,VLOOKUP($A10,base!$A:$P,K$6+4,FALSE)) -> 0 | L10: =IF(L$6=0,0,VLOOKUP($A10,base!$A:$P,L$6+4,FALSE)) -> 0 | M10: =IF(M$6=0,0,VLOOKUP($A10,base!$A:$P,M$6+4,FALSE)) -> 0 | N10: =IF(N$6=0,0,VLOOKUP($A10,base!$A:$P,N$6+4,FALSE)) -> 0 | O10: =IF(O$6=0,0,VLOOKUP($A10,base!$A:$P,O$6+4,FALSE)) -> 0 | ... Q10: =IF(Q$6=0,0,VLOOKUP($A10,base!$A:$P,Q$6+4,FALSE)) -> 0 | S10: 7083.04 | T10: =IF($S$21=0,0,(S10/$S$21)*100) -> 0.6113252 | W10: =SUM(F10:Q10) -> 100
A11: =CONCATENATE($E$6,"|",B11) -> 6|3 | B11: 3 | C11: BASE / SUB-BASE | E11: 3 | F11: =IF(E$6<3,0,IF(F$6=0,0,VLOOKUP($A11,base!$A:$P,F$6+4,FALSE))) -> 5 | G11: =IF(E$6<3,0,IF(G$6=0,0,VLOOKUP($A11,base!$A:$P,G$6+4,FALSE))) -> 20 | H11: =IF(H$6=0,0,VLOOKUP($A11,base!$A:$P,H$6+4,FALSE)) -> 30 | I11: =IF(I$6=0,0,VLOOKUP($A11,base!$A:$P,I$6+4,FALSE)) -> 25 | J11: =IF(J$6=0,0,VLOOKUP($A11,base!$A:$P,J$6+4,FALSE)) -> 20 | K11: =IF(K$6=0,0,VLOOKUP($A11,base!$A:$P,K$6+4,FALSE)) -> 0 | L11: =IF(L$6=0,0,VLOOKUP($A11,base!$A:$P,L$6+4,FALSE)) -> 0 | M11: =IF(M$6=0,0,VLOOKUP($A11,base!$A:$P,M$6+4,FALSE)) -> 0 | N11: =IF(N$6=0,0,VLOOKUP($A11,base!$A:$P,N$6+4,FALSE)) -> 0 | O11: =IF(O$6=0,0,VLOOKUP($A11,base!$A:$P,O$6+4,FALSE)) -> 0 | ... Q11: =IF(Q$6=0,0,VLOOKUP($A11,base!$A:$P,Q$6+4,FALSE)) -> 0 | S11: 237355.36 | T11: =IF($S$21=0,0,(S11/$S$21)*100) -> 20.48574 | W11: =SUM(F11:Q11) -> 100
A12: =CONCATENATE($E$6,"|",B12) -> 6|4 | B12: 4 | C12: REVESTIMENTO | E12: 4 | F12: =IF(E$6<3,0,IF(F$6=0,0,VLOOKUP($A12,base!$A:$P,F$6+4,FALSE))) -> 0 | G12: =IF(E$6<3,0,IF(G$6=0,0,VLOOKUP($A12,base!$A:$P,G$6+4,FALSE))) -> 5 | H12: =IF(H$6=0,0,VLOOKUP($A12,base!$A:$P,H$6+4,FALSE)) -> 20 | I12: =IF(I$6=0,0,VLOOKUP($A12,base!$A:$P,I$6+4,FALSE)) -> 30 | J12: =IF(J$6=0,0,VLOOKUP($A12,base!$A:$P,J$6+4,FALSE)) -> 25 | K12: =IF(K$6=0,0,VLOOKUP($A12,base!$A:$P,K$6+4,FALSE)) -> 20 | L12: =IF(L$6=0,0,VLOOKUP($A12,base!$A:$P,L$6+4,FALSE)) -> 0 | M12: =IF(M$6=0,0,VLOOKUP($A12,base!$A:$P,M$6+4,FALSE)) -> 0 | N12: =IF(N$6=0,0,VLOOKUP($A12,base!$A:$P,N$6+4,FALSE)) -> 0 | O12: =IF(O$6=0,0,VLOOKUP($A12,base!$A:$P,O$6+4,FALSE)) -> 0 | ... Q12: =IF(Q$6=0,0,VLOOKUP($A12,base!$A:$P,Q$6+4,FALSE)) -> 0 | S12: 512552.04 | T12: =IF($S$21=0,0,(S12/$S$21)*100) -> 44.2375 | W12: =SUM(F12:Q12) -> 100
A13: =CONCATENATE($E$6,"|",B13) -> 6|5 | B13: 5 | C13: MEIO-FIO E SARJETA | E13: 5 | F13: =IF(E$6<3,0,IF(F$6=0,0,VLOOKUP($A13,base!$A:$P,F$6+4,FALSE))) -> 0 | G13: =IF(E$6<3,0,IF(G$6=0,0,VLOOKUP($A13,base!$A:$P,G$6+4,FALSE))) -> 15 | H13: =IF(H$6=0,0,VLOOKUP($A13,base!$A:$P,H$6+4,FALSE)) -> 30 | I13: =IF(I$6=0,0,VLOOKUP($A13,base!$A:$P,I$6+4,FALSE)) -> 30 | J13: =IF(J$6=0,0,VLOOKUP($A13,base!$A:$P,J$6+4,FALSE)) -> 25 | K13: =IF(K$6=0,0,VLOOKUP($A13,base!$A:$P,K$6+4,FALSE)) -> 0 | L13: =IF(L$6=0,0,VLOOKUP($A13,base!$A:$P,L$6+4,FALSE)) -> 0 | M13: =IF(M$6=0,0,VLOOKUP($A13,base!$A:$P,M$6+4,FALSE)) -> 0 | N13: =IF(N$6=0,0,VLOOKUP($A13,base!$A:$P,N$6+4,FALSE)) -> 0 | O13: =IF(O$6=0,0,VLOOKUP($A13,base!$A:$P,O$6+4,FALSE)) -> 0 | ... Q13: =IF(Q$6=0,0,VLOOKUP($A13,base!$A:$P,Q$6+4,FALSE)) -> 0 | S13: 8272.39 | T13: =IF($S$21=0,0,(S13/$S$21)*100) -> 0.71397599 | W13: =SUM(F13:Q13) -> 100
A14: =CONCATENATE($E$6,"|",B14) -> 6|6 | B14: 6 | C14: SERVIÇOS DE URBANIZAÇÃO | E14: 3 | F14: =IF(E$6<3,0,IF(F$6=0,0,VLOOKUP($A14,base!$A:$P,F$6+4,FALSE))) -> 0 | G14: =IF(E$6<3,0,IF(G$6=0,0,VLOOKUP($A14,base!$A:$P,G$6+4,FALSE))) -> 5 | H14: =IF(H$6=0,0,VLOOKUP($A14,base!$A:$P,H$6+4,FALSE)) -> 10 | I14: =IF(I$6=0,0,VLOOKUP($A14,base!$A:$P,I$6+4,FALSE)) -> 30 | J14: =IF(J$6=0,0,VLOOKUP($A14,base!$A:$P,J$6+4,FALSE)) -> 30 | K14: =IF(K$6=0,0,VLOOKUP($A14,base!$A:$P,K$6+4,FALSE)) -> 25 | L14: =IF(L$6=0,0,VLOOKUP($A14,base!$A:$P,L$6+4,FALSE)) -> 0 | M14: =IF(M$6=0,0,VLOOKUP($A14,base!$A:$P,M$6+4,FALSE)) -> 0 | N14: =IF(N$6=0,0,VLOOKUP($A14,base!$A:$P,N$6+4,FALSE)) -> 0 | O14: =IF(O$6=0,0,VLOOKUP($A14,base!$A:$P,O$6+4,FALSE)) -> 0 | ... Q14: =IF(Q$6=0,0,VLOOKUP($A14,base!$A:$P,Q$6+4,FALSE)) -> 0 | S14: 41277.4 | T14: =IF($S$21=0,0,(S14/$S$21)*100) -> 3.5625826 | W14: =SUM(F14:Q14) -> 100
A15: =CONCATENATE($E$6,"|",B15) -> 6|7 | B15: 7 | C15: SINALIZAÇÃO DE TRÂNSITO | E15: 5 | F15: =IF(E$6<3,0,IF(F$6=0,0,VLOOKUP($A15,base!$A:$P,F$6+4,FALSE))) -> 0 | G15: =IF(E$6<3,0,IF(G$6=0,0,VLOOKUP($A15,base!$A:$P,G$6+4,FALSE))) -> 0 | H15: =IF(H$6=0,0,VLOOKUP($A15,base!$A:$P,H$6+4,FALSE)) -> 20 | I15: =IF(I$6=0,0,VLOOKUP($A15,base!$A:$P,I$6+4,FALSE)) -> 20 | J15: =IF(J$6=0,0,VLOOKUP($A15,base!$A:$P,J$6+4,FALSE)) -> 30 | K15: =IF(K$6=0,0,VLOOKUP($A15,base!$A:$P,K$6+4,FALSE)) -> 30 | L15: =IF(L$6=0,0,VLOOKUP($A15,base!$A:$P,L$6+4,FALSE)) -> 0 | M15: =IF(M$6=0,0,VLOOKUP($A15,base!$A:$P,M$6+4,FALSE)) -> 0 | N15: =IF(N$6=0,0,VLOOKUP($A15,base!$A:$P,N$6+4,FALSE)) -> 0 | O15: =IF(O$6=0,0,VLOOKUP($A15,base!$A:$P,O$6+4,FALSE)) -> 0 | ... Q15: =IF(Q$6=0,0,VLOOKUP($A15,base!$A:$P,Q$6+4,FALSE)) -> 0 | S15: 35041.61 | T15: =IF($S$21=0,0,(S15/$S$21)*100) -> 3.0243821 | W15: =SUM(F15:Q15) -> 100
A16: =CONCATENATE($E$6,"|",B16) -> 6|8 | B16: 8 | C16: ILUMINAÇÃO PÚBLICA | E16: 6 | F16: =IF(E$6<3,0,IF(F$6=0,0,VLOOKUP($A16,base!$A:$P,F$6+4,FALSE))) -> 0 | G16: =IF(E$6<3,0,IF(G$6=0,0,VLOOKUP($A16,base!$A:$P,G$6+4,FALSE))) -> 0 | H16: =IF(H$6=0,0,VLOOKUP($A16,base!$A:$P,H$6+4,FALSE)) -> 20 | I16: =IF(I$6=0,0,VLOOKUP($A16,base!$A:$P,I$6+4,FALSE)) -> 30 | J16: =IF(J$6=0,0,VLOOKUP($A16,base!$A:$P,J$6+4,FALSE)) -> 30 | K16: =IF(K$6=0,0,VLOOKUP($A16,base!$A:$P,K$6+4,FALSE)) -> 20 | L16: =IF(L$6=0,0,VLOOKUP($A16,base!$A:$P,L$6+4,FALSE)) -> 0 | M16: =IF(M$6=0,0,VLOOKUP($A16,base!$A:$P,M$6+4,FALSE)) -> 0 | N16: =IF(N$6=0,0,VLOOKUP($A16,base!$A:$P,N$6+4,FALSE)) -> 0 | O16: =IF(O$6=0,0,VLOOKUP($A16,base!$A:$P,O$6+4,FALSE)) -> 0 | ... Q16: =IF(Q$6=0,0,VLOOKUP($A16,base!$A:$P,Q$6+4,FALSE)) -> 0 | S16: 24061.6 | T16: =IF($S$21=0,0,(S16/$S$21)*100) -> 2.076716 | W16: =SUM(F16:Q16) -> 100
A17: =CONCATENATE($E$6,"|",B17) -> 6|9 | B17: 9 | C17: SERVIÇOS DIVERSOS | E17: 6 | F17: =IF(E$6<3,0,IF(F$6=0,0,VLOOKUP($A17,base!$A:$P,F$6+4,FALSE))) -> 5 | G17: =IF(E$6<3,0,IF(G$6=0,0,VLOOKUP($A17,base!$A:$P,G$6+4,FALSE))) -> 15 | H17: =IF(H$6=0,0,VLOOKUP($A17,base!$A:$P,H$6+4,FALSE)) -> 25 | I17: =IF(I$6=0,0,VLOOKUP($A17,base!$A:$P,I$6+4,FALSE)) -> 25 | J17: =IF(J$6=0,0,VLOOKUP($A17,base!$A:$P,J$6+4,FALSE)) -> 20 | K17: =IF(K$6=0,0,VLOOKUP($A17,base!$A:$P,K$6+4,FALSE)) -> 10 | L17: =IF(L$6=0,0,VLOOKUP($A17,base!$A:$P,L$6+4,FALSE)) -> 0 | M17: =IF(M$6=0,0,VLOOKUP($A17,base!$A:$P,M$6+4,FALSE)) -> 0 | N17: =IF(N$6=0,0,VLOOKUP($A17,base!$A:$P,N$6+4,FALSE)) -> 0 | O17: =IF(O$6=0,0,VLOOKUP($A17,base!$A:$P,O$6+4,FALSE)) -> 0 | ... Q17: =IF(Q$6=0,0,VLOOKUP($A17,base!$A:$P,Q$6+4,FALSE)) -> 0 | T17: =IF($S$21=0,0,(S17/$S$21)*100) -> 0 | W17: =SUM(F17:Q17) -> 100
A18: =CONCATENATE($E$6,"|",B18) -> 6|10 | B18: 10 | C18: DRENAGEM | F18: =IF(E$6<3,0,IF(F$6=0,0,VLOOKUP($A18,base!$A:$P,F$6+4,FALSE))) -> 20 | G18: =IF(E$6<3,0,IF(G$6=0,0,VLOOKUP($A18,base!$A:$P,G$6+4,FALSE))) -> 30 | H18: =IF(H$6=0,0,VLOOKUP($A18,base!$A:$P,H$6+4,FALSE)) -> 30 | I18: =IF(I$6=0,0,VLOOKUP($A18,base!$A:$P,I$6+4,FALSE)) -> 15 | J18: =IF(J$6=0,0,VLOOKUP($A18,base!$A:$P,J$6+4,FALSE)) -> 5 | K18: =IF(K$6=0,0,VLOOKUP($A18,base!$A:$P,K$6+4,FALSE)) -> 0 | L18: =IF(L$6=0,0,VLOOKUP($A18,base!$A:$P,L$6+4,FALSE)) -> 0 | M18: =IF(M$6=0,0,VLOOKUP($A18,base!$A:$P,M$6+4,FALSE)) -> 0 | N18: =IF(N$6=0,0,VLOOKUP($A18,base!$A:$P,N$6+4,FALSE)) -> 0 | O18: =IF(O$6=0,0,VLOOKUP($A18,base!$A:$P,O$6+4,FALSE)) -> 0 | ... Q18: =IF(Q$6=0,0,VLOOKUP($A18,base!$A:$P,Q$6+4,FALSE)) -> 0 | S18: 260393.39 | T18: =IF($S$21=0,0,(S18/$S$21)*100) -> 22.474113 | W18: =SUM(F18:Q18) -> 100
A19: =CONCATENATE($E$6,"|",B19) -> 6|11 | B19: 11 | C19: ENSAIOS TECNOLÓGICOS | F19: =IF(E$6<3,0,IF(F$6=0,0,VLOOKUP($A19,base!$A:$P,F$6+4,FALSE))) -> 3 | G19: =IF(E$6<3,0,IF(G$6=0,0,VLOOKUP($A19,base!$A:$P,G$6+4,FALSE))) -> 12 | H19: =IF(H$6=0,0,VLOOKUP($A19,base!$A:$P,H$6+4,FALSE)) -> 25 | I19: =IF(I$6=0,0,VLOOKUP($A19,base!$A:$P,I$6+4,FALSE)) -> 28 | J19: =IF(J$6=0,0,VLOOKUP($A19,base!$A:$P,J$6+4,FALSE)) -> 21 | K19: =IF(K$6=0,0,VLOOKUP($A19,base!$A:$P,K$6+4,FALSE)) -> 11 | L19: =IF(L$6=0,0,VLOOKUP($A19,base!$A:$P,L$6+4,FALSE)) -> 0 | M19: =IF(M$6=0,0,VLOOKUP($A19,base!$A:$P,M$6+4,FALSE)) -> 0 | N19: =IF(N$6=0,0,VLOOKUP($A19,base!$A:$P,N$6+4,FALSE)) -> 0 | O19: =IF(O$6=0,0,VLOOKUP($A19,base!$A:$P,O$6+4,FALSE)) -> 0 | ... Q19: =IF(Q$6=0,0,VLOOKUP($A19,base!$A:$P,Q$6+4,FALSE)) -> 0 | S19: 30467.48 | T19: =IF($S$21=0,0,(S19/$S$21)*100) -> 2.6295967 | W19: =SUM(F19:Q19) -> 100
C21: TOTAIS | D21: TOTAIS | S21: =SUM(S9:S20) -> 1158637 | T21: =SUM(T9:T19) -> 100
B22: COMPOSIÇÃO DOS RECURSOS (FINANCIAMENTO E CONTRAPARTIDA)
B23: ITEM | F23: PARCELAS | R23: Nº DE | S23: TOTAL | T23: % S/
F24: =F6 -> 1 | G24: =G6 -> 2 | H24: =H6 -> 3 | I24: =I6 -> 4 | J24: =J6 -> 5 | K24: =K6 -> 6 | L24: =L6 -> 0 | M24: =M6 -> 0 | ... Q24: =Q6 -> 0 | R24: MESES | S24: ITEM | T24: ITEM
B25: 1T | C25: SERVIÇOS PRELIMINARES | D25: FINANCIAMENTO | E25: R$ | F25: =((F9/100)*$S$9)*$T$2 -> 322.21557 | G25: =((G9/100)*$S$9)*$T$2 -> 483.32336 | H25: =((H9/100)*$S$9)*$T$2 -> 483.32336 | I25: =((I9/100)*$S$9)*$T$2 -> 322.21557 | J25: =((J9/100)*$S$9)*$T$2 -> 0 | K25: =((K9/100)*$S$9)*$T$2 -> 0 | L25: =((L9/100)*$S$9)*$T$2 -> 0 | M25: =((M9/100)*$S$9)*$T$2 -> 0 | ... Q25: =((Q9/100)*$S$9)*$T$2 -> 0 | R25: =COUNTIF(F25:Q25,">0") -> 4 | S25: =SUM(F25:Q25) -> 1611.0779 | T25: =IF($S$51=0,0,(S25/$S$51)) -> 0.0013904941
B26: 1C | D26: CONTRAPARTIDA | E26: R$ | F26: =((F9/100)*$S$9)*T3 -> 104.32243 | G26: =((G9/100)*$S$9)*$T$3 -> 156.48364 | H26: =((H9/100)*$S$9)*$T$3 -> 156.48364 | I26: =((I9/100)*$S$9)*$T$3 -> 104.32243 | J26: =((J9/100)*$S$9)*$T$3 -> 0 | K26: =((K9/100)*$S$9)*$T$3 -> 0 | L26: =((L9/100)*$S$9)*$T$3 -> 0 | M26: =((M9/100)*$S$9)*$T$3 -> 0 | N26: =((N9/100)*$S$9)*$T$3 -> 0 | ... Q26: =((Q9/100)*$S$9)*$T$3 -> 0 | R26: =COUNTIF(F26:Q26,">0") -> 4 | S26: =SUM(F26:Q26) -> 521.61213 | T26: =IF($S$51=0,0,(S26/$S$51)) -> 0.00045019461
B27: 2T | C27: TERRAPLENAGEM | D27: FINANCIAMENTO | E27: R$ | F27: =((F10/100)*$S$10)*$T$2 -> 802.60111 | G27: =((G10/100)*$S$10)*$T$2 -> 1337.6685 | H27: =((H10/100)*$S$10)*$T$2 -> 1605.2022 | I27: =((I10/100)*$S$10)*$T$2 -> 1337.6685 | J27: =((J10/100)*$S$10)*$T$2 -> 267.5337 | K27: =((K10/100)*$S$10)*$T$2 -> 0 | L27: =((L10/100)*$S$10)*$T$2 -> 0 | M27: =((M10/100)*$S$10)*$T$2 -> 0 | ... Q27: =((Q10/100)*$S$10)*$T$2 -> 0 | R27: =COUNTIF(F27:Q27,">0") -> 5 | S27: =SUM(F27:Q27) -> 5350.674 | T27: =IF($S$51=0,0,(S27/$S$51)) -> 0.0046180763
B28: 2C | D28: CONTRAPARTIDA | E28: R$ | F28: =((F10/100)*$S$10)*$T$3 -> 259.85489 | G28: =((G10/100)*$S$10)*$T$3 -> 433.09149 | H28: =((H10/100)*$S$10)*$T$3 -> 519.70979 | I28: =((I10/100)*$S$10)*$T$3 -> 433.09149 | J28: =((J10/100)*$S$10)*$T$3 -> 86.618298 | K28: =((K10/100)*$S$10)*$T$3 -> 0 | L28: =((L10/100)*$S$10)*$T$3 -> 0 | M28: =((M10/100)*$S$10)*$T$3 -> 0 | ... Q28: =((Q10/100)*$S$10)*$T$3 -> 0 | R28: =COUNTIF(F28:Q28,">0") -> 5 | S28: =SUM(F28:Q28) -> 1732.366 | T28: =IF($S$51=0,0,(S28/$S$51)) -> 0.0014951758
B29: 3T | C29: BASE / SUB-BASE | D29: FINANCIAMENTO | E29: R$ | F29: =((F11/100)*$S$11)*$T$2 -> 8965.1559 | G29: =((G11/100)*$S$11)*$T$2 -> 35860.624 | H29: =((H11/100)*$S$11)*$T$2 -> 53790.936 | I29: =((I11/100)*$S$11)*$T$2 -> 44825.78 | J29: =((J11/100)*$S$11)*$T$2 -> 35860.624 | K29: =((K11/100)*$S$11)*$T$2 -> 0 | L29: =((L11/100)*$S$11)*$T$2 -> 0 | M29: =((M11/100)*$S$11)*$T$2 -> 0 | ... Q29: =((Q11/100)*$S$11)*$T$2 -> 0 | R29: =COUNTIF(F29:Q29,">0") -> 5 | S29: =SUM(F29:Q29) -> 179303.12 | T29: =IF($S$51=0,0,(S29/$S$51)) -> 0.15475349
B30: 3C | D30: CONTRAPARTIDA | E30: R$ | F30: =((F11/100)*$S$11)*$T$3 -> 2902.6121 | G30: =((G11/100)*$S$11)*$T$3 -> 11610.448 | H30: =((H11/100)*$S$11)*$T$3 -> 17415.672 | I30: =((I11/100)*$S$11)*$T$3 -> 14513.06 | J30: =((J11/100)*$S$11)*$T$3 -> 11610.448 | K30: =((K11/100)*$S$11)*$T$3 -> 0 | L30: =((L11/100)*$S$11)*$T$3 -> 0 | M30: =((M11/100)*$S$11)*$T$3 -> 0 | ... Q30: =((Q11/100)*$S$11)*$T$3 -> 0 | R30: =COUNTIF(F30:Q30,">0") -> 5 | S30: =SUM(F30:Q30) -> 58052.241 | T30: =IF($S$51=0,0,(S30/$S$51)) -> 0.050103908
B31: 4T | C31: REVESTIMENTO | D31: FINANCIAMENTO | E31: R$ | F31: =((F12/100)*$S$12)*T2 -> 0 | G31: =((G12/100)*$S$12)*$T$2 -> 19359.617 | H31: =((H12/100)*$S$12)*$T$2 -> 77438.47 | I31: =((I12/100)*$S$12)*$T$2 -> 116157.7 | J31: =((J12/100)*$S$12)*$T$2 -> 96798.087 | K31: =((K12/100)*$S$12)*$T$2 -> 77438.47 | L31: =((L12/100)*$S$12)*$T$2 -> 0 | M31: =((M12/100)*$S$12)*$T$2 -> 0 | N31: =((N12/100)*$S$12)*$T$2 -> 0 | ... Q31: =((Q12/100)*$S$12)*$T$2 -> 0 | R31: =COUNTIF(F31:Q31,">0") -> 5 | S31: =SUM(F31:Q31) -> 387192.35 | T31: =IF($S$51=0,0,(S31/$S$51)) -> 0.33417917
B32: 4C | D32: CONTRAPARTIDA | E32: R$ | F32: =((F12/100)*$S$12)*$T$3 -> 0 | G32: =((G12/100)*$S$12)*$T$3 -> 6267.9846 | H32: =((H12/100)*$S$12)*$T$3 -> 25071.938 | I32: =((I12/100)*$S$12)*$T$3 -> 37607.907 | J32: =((J12/100)*$S$12)*$T$3 -> 31339.923 | K32: =((K12/100)*$S$12)*$T$3 -> 25071.938 | L32: =((L12/100)*$S$12)*$T$3 -> 0 | M32: =((M12/100)*$S$12)*$T$3 -> 0 | ... Q32: =((Q12/100)*$S$12)*$T$3 -> 0 | R32: =COUNTIF(F32:Q32,">0") -> 5 | S32: =SUM(F32:Q32) -> 125359.69 | T32: =IF($S$51=0,0,(S32/$S$51)) -> 0.10819583
B33: 5T | C33: MEIO-FIO E SARJETA | D33: FINANCIAMENTO | E33: R$ | F33: =((F13/100)*$S$13)*$T$2 -> 0 | G33: =((G13/100)*$S$13)*$T$2 -> 937.37002 | H33: =((H13/100)*$S$13)*$T$2 -> 1874.74 | I33: =((I13/100)*$S$13)*$T$2 -> 1874.74 | J33: =((J13/100)*$S$13)*$T$2 -> 1562.2834 | K33: =((K13/100)*$S$13)*$T$2 -> 0 | L33: =((L13/100)*$S$13)*$T$2 -> 0 | M33: =((M13/100)*$S$13)*$T$2 -> 0 | ... Q33: =((Q13/100)*$S$13)*$T$2 -> 0 | R33: =COUNTIF(F33:Q33,">0") -> 4 | S33: =SUM(F33:Q33) -> 6249.1335 | T33: =IF($S$51=0,0,(S33/$S$51)) -> 0.0053935214
B34: 5C | D34: CONTRAPARTIDA | E34: R$ | F34: =((F13/100)*$S$13)*$T$3 -> 0 | G34: =((G13/100)*$S$13)*$T$3 -> 303.48848 | H34: =((H13/100)*$S$13)*$T$3 -> 606.97696 | I34: =((I13/100)*$S$13)*$T$3 -> 606.97696 | J34: =((J13/100)*$S$13)*$T$3 -> 505.81413 | K34: =((K13/100)*$S$13)*$T$3 -> 0 | L34: =((L13/100)*$S$13)*$T$3 -> 0 | M34: =((M13/100)*$S$13)*$T$3 -> 0 | ... Q34: =((Q13/100)*$S$13)*$T$3 -> 0 | R34: =COUNTIF(F34:Q34,">0") -> 4 | S34: =SUM(F34:Q34) -> 2023.2565 | T34: =IF($S$51=0,0,(S34/$S$51)) -> 0.0017462385
B35: 6T | C35: SERVIÇOS DE URBANIZAÇÃO | D35: FINANCIAMENTO | E35: R$ | F35: =((F14/100)*$S$14)*$T$2 -> 0 | G35: =((G14/100)*$S$14)*$T$2 -> 1559.0898 | H35: =((H14/100)*$S$14)*$T$2 -> 3118.1797 | I35: =((I14/100)*$S$14)*$T$2 -> 9354.539 | J35: =((J14/100)*$S$14)*$T$2 -> 9354.539 | K35: =((K14/100)*$S$14)*$T$2 -> 7795.4491 | L35: =((L14/100)*$S$14)*$T$2 -> 0 | M35: =((M14/100)*$S$14)*$T$2 -> 0 | ... Q35: =((Q14/100)*$S$14)*$T$2 -> 0 | R35: =COUNTIF(F35:Q35,">0") -> 5 | S35: =SUM(F35:Q35) -> 31181.797 | T35: =IF($S$51=0,0,(S35/$S$51)) -> 0.026912481
B36: 6C | D36: CONTRAPARTIDA | E36: R$ | F36: =((F14/100)*$S$14)*$T$3 -> 0 | G36: =((G14/100)*$S$14)*$T$3 -> 504.78017 | H36: =((H14/100)*$S$14)*$T$3 -> 1009.5603 | I36: =((I14/100)*$S$14)*$T$3 -> 3028.681 | J36: =((J14/100)*$S$14)*$T$3 -> 3028.681 | K36: =((K14/100)*$S$14)*$T$3 -> 2523.9009 | L36: =((L14/100)*$S$14)*$T$3 -> 0 | M36: =((M14/100)*$S$14)*$T$3 -> 0 | ... Q36: =((Q14/100)*$S$14)*$T$3 -> 0 | R36: =COUNTIF(F36:Q36,">0") -> 5 | S36: =SUM(F36:Q36) -> 10095.603 | T36: =IF($S$51=0,0,(S36/$S$51)) -> 0.0087133446
B37: 7T | C37: SINALIZAÇÃO DE TRÂNSITO | D37: FINANCIAMENTO | E37: R$ | F37: =((F15/100)*$S$15)*$T$2 -> 0 | G37: =((G15/100)*$S$15)*$T$2 -> 0 | H37: =((H15/100)*$S$15)*$T$2 -> 5294.2305 | I37: =((I15/100)*$S$15)*$T$2 -> 5294.2305 | J37: =((J15/100)*$S$15)*$T$2 -> 7941.3458 | K37: =((K15/100)*$S$15)*$T$2 -> 7941.3458 | L37: =((L15/100)*$S$15)*$T$2 -> 0 | M37: =((M15/100)*$S$15)*$T$2 -> 0 | ... Q37: =((Q15/100)*$S$15)*$T$2 -> 0 | R37: =COUNTIF(F37:Q37,">0") -> 4 | S37: =SUM(F37:Q37) -> 26471.153 | T37: =IF($S$51=0,0,(S37/$S$51)) -> 0.022846804
B38: 7C | D38: CONTRAPARTIDA | E38: R$ | F38: =((F15/100)*$S$15)*$T$3 -> 0 | G38: =((G15/100)*$S$15)*$T$3 -> 0 | H38: =((H15/100)*$S$15)*$T$3 -> 1714.0915 | I38: =((I15/100)*$S$15)*$T$3 -> 1714.0915 | J38: =((J15/100)*$S$15)*$T$3 -> 2571.1372 | K38: =((K15/100)*$S$15)*$T$3 -> 2571.1372 | L38: =((L15/100)*$S$15)*$T$3 -> 0 | M38: =((M15/100)*$S$15)*$T$3 -> 0 | ... Q38: =((Q15/100)*$S$15)*$T$3 -> 0 | R38: =COUNTIF(F38:Q38,">0") -> 4 | S38: =SUM(F38:Q38) -> 8570.4574 | T38: =IF($S$51=0,0,(S38/$S$51)) -> 0.0073970168
B39: 8T | C39: ILUMINAÇÃO PÚBLICA | D39: FINANCIAMENTO | E39: R$ | F39: =((F16/100)*$S$16)*$T$2 -> 0 | G39: =((G16/100)*$S$16)*$T$2 -> 0 | H39: =((H16/100)*$S$16)*$T$2 -> 3635.3255 | I39: =((I16/100)*$S$16)*$T$2 -> 5452.9882 | J39: =((J16/100)*$S$16)*$T$2 -> 5452.9882 | K39: =((K16/100)*$S$16)*$T$2 -> 3635.3255 | L39: =((L16/100)*$S$16)*$T$2 -> 0 | M39: =((M16/100)*$S$16)*$T$2 -> 0 | ... Q39: =((Q16/100)*$S$16)*$T$2 -> 0 | R39: =COUNTIF(F39:Q39,">0") -> 4 | S39: =SUM(F39:Q39) -> 18176.627 | T39: =IF($S$51=0,0,(S39/$S$51)) -> 0.01568794
B40: 8C | D40: CONTRAPARTIDA | E40: R$ | F40: =((F16/100)*$S$16)*$T$3 -> 0 | G40: =((G16/100)*$S$16)*$T$3 -> 0 | H40: =((H16/100)*$S$16)*$T$3 -> 1176.9945 | I40: =((I16/100)*$S$16)*$T$3 -> 1765.4918 | J40: =((J16/100)*$S$16)*$T$3 -> 1765.4918 | K40: =((K16/100)*$S$16)*$T$3 -> 1176.9945 | L40: =((L16/100)*$S$16)*$T$3 -> 0 | M40: =((M16/100)*$S$16)*$T$3 -> 0 | ... Q40: =((Q16/100)*$S$16)*$T$3 -> 0 | R40: =COUNTIF(F40:Q40,">0") -> 4 | S40: =SUM(F40:Q40) -> 5884.9727 | T40: =IF($S$51=0,0,(S40/$S$51)) -> 0.0050792204
B41: 9T | C41: SERVIÇOS DIVERSOS | D41: FINANCIAMENTO | E41: R$ | F41: =((F17/100)*$S$17)*$T$2 -> 0 | G41: =((G17/100)*$S$17)*$T$2 -> 0 | H41: =((H17/100)*$S$17)*$T$2 -> 0 | I41: =((I17/100)*$S$17)*$T$2 -> 0 | J41: =((J17/100)*$S$17)*$T$2 -> 0 | K41: =((K17/100)*$S$17)*$T$2 -> 0 | L41: =((L17/100)*$S$17)*$T$2 -> 0 | M41: =((M17/100)*$S$17)*$T$2 -> 0 | ... Q41: =((Q17/100)*$S$17)*$T$2 -> 0 | R41: =COUNTIF(F41:Q41,">0") -> 0 | S41: =SUM(F41:Q41) -> 0 | T41: =IF($S$51=0,0,(S41/$S$51)) -> 0
B42: 9C | D42: CONTRAPARTIDA | E42: R$ | F42: =((F17/100)*$S$17)*$T$3 -> 0 | G42: =((G17/100)*$S$17)*$T$3 -> 0 | H42: =((H17/100)*$S$17)*$T$3 -> 0 | I42: =((I17/100)*$S$17)*$T$3 -> 0 | J42: =((J17/100)*$S$17)*$T$3 -> 0 | K42: =((K17/100)*$S$17)*$T$3 -> 0 | L42: =((L17/100)*$S$17)*$T$3 -> 0 | M42: =((M17/100)*$S$17)*$T$3 -> 0 | ... Q42: =((Q17/100)*$S$17)*$T$3 -> 0 | R42: =COUNTIF(F42:Q42,">0") -> 0 | S42: =SUM(F42:Q42) -> 0 | T42: =IF($S$51=0,0,(S42/$S$51)) -> 0
B43: 10T | C43: DRENAGEM | D43: FINANCIAMENTO | E43: R$ | F43: =((F18/100)*$S$18)*$T$2 -> 39341.304 | G43: =((G18/100)*$S$18)*$T$2 -> 59011.956 | H43: =((H18/100)*$S$18)*$T$2 -> 59011.956 | I43: =((I18/100)*$S$18)*$T$2 -> 29505.978 | J43: =((J18/100)*$S$18)*$T$2 -> 9835.326 | K43: =((K18/100)*$S$18)*$T$2 -> 0 | L43: =((L18/100)*$S$18)*$T$2 -> 0 | M43: =((M18/100)*$S$18)*$T$2 -> 0 | ... Q43: =((Q18/100)*$S$18)*$T$2 -> 0 | R43: =COUNTIF(F43:Q43,">0") -> 5 | S43: =SUM(F43:Q43) -> 196706.52 | T43: =IF($S$51=0,0,(S43/$S$51)) -> 0.16977407
B44: 10C | D44: CONTRAPARTIDA | E44: R$ | F44: =((F18/100)*$S$18)*$T$3 -> 12737.374 | G44: =((G18/100)*$S$18)*$T$3 -> 19106.061 | H44: =((H18/100)*$S$18)*$T$3 -> 19106.061 | I44: =((I18/100)*$S$18)*$T$3 -> 9553.0305 | J44: =((J18/100)*$S$18)*$T$3 -> 3184.3435 | K44: =((K18/100)*$S$18)*$T$3 -> 0 | L44: =((L18/100)*$S$18)*$T$3 -> 0 | M44: =((M18/100)*$S$18)*$T$3 -> 0 | ... Q44: =((Q18/100)*$S$18)*$T$3 -> 0 | R44: =COUNTIF(F44:Q44,">0") -> 5 | S44: =SUM(F44:Q44) -> 63686.87 | T44: =IF($S$51=0,0,(S44/$S$51)) -> 0.05496706
B45: 11T | C45: ENSAIOS TECNOLÓGICOS | D45: FINANCIAMENTO | E45: R$ | F45: =((F19/100)*$S$19)*$T$2 -> 690.47282 | G45: =((G19/100)*$S$19)*$T$2 -> 2761.8913 | H45: =((H19/100)*$S$19)*$T$2 -> 5753.9402 | I45: =((I19/100)*$S$19)*$T$2 -> 6444.413 | J45: =((J19/100)*$S$19)*$T$2 -> 4833.3098 | K45: =((K19/100)*$S$19)*$T$2 -> 2531.7337 | L45: =((L19/100)*$S$19)*$T$2 -> 0 | M45: =((M19/100)*$S$19)*$T$2 -> 0 | ... Q45: =((Q19/100)*$S$19)*$T$2 -> 0 | R45: =COUNTIF(F45:Q45,">0") -> 6 | S45: =SUM(F45:Q45) -> 23015.761 | T45: =IF($S$51=0,0,(S45/$S$51)) -> 0.019864514
B46: 11C | D46: CONTRAPARTIDA | E46: R$ | F46: =((F19/100)*$S$19)*$T$3 -> 223.55158 | G46: =((G19/100)*$S$19)*$T$3 -> 894.20631 | H46: =((H19/100)*$S$19)*$T$3 -> 1862.9298 | I46: =((I19/100)*$S$19)*$T$3 -> 2086.4814 | J46: =((J19/100)*$S$19)*$T$3 -> 1564.861 | K46: =((K19/100)*$S$19)*$T$3 -> 819.68912 | L46: =((L19/100)*$S$19)*$T$3 -> 0 | M46: =((M19/100)*$S$19)*$T$3 -> 0 | ... Q46: =((Q19/100)*$S$19)*$T$3 -> 0 | R46: =COUNTIF(F46:Q46,">0") -> 6 | S46: =SUM(F46:Q46) -> 7451.7192 | T46: =IF($S$51=0,0,(S46/$S$51)) -> 0.0064314528
B48: T | C48: TOTAIS | D48: FINANCIAMENTO | E48: R$ | F48: =SUMIF($D$25:$D$46,"FINANCIAMENTO",F$25:F$46) -> 50121.749 | G48: =SUMIF($D$25:$D$46,"FINANCIAMENTO",G$25:G$46) -> 121311.54 | H48: =SUMIF($D$25:$D$46,"FINANCIAMENTO",H$25:H$46) -> 212006.3 | I48: =SUMIF($D$25:$D$46,"FINANCIAMENTO",I$25:I$46) -> 220570.26 | J48: =SUMIF($D$25:$D$46,"FINANCIAMENTO",J$25:J$46) -> 171906.04 | K48: =SUMIF($D$25:$D$46,"FINANCIAMENTO",K$25:K$46) -> 99342.324 | L48: =SUMIF($D$25:$D$46,"FINANCIAMENTO",L$25:L$46) -> 0 | M48: =SUMIF($D$25:$D$46,"FINANCIAMENTO",M$25:M$46) -> 0 | ... Q48: =SUMIF($D$25:$D$46,"FINANCIAMENTO",Q$25:Q$46) -> 0 | S48: =SUMIF($D$25:$D$46,"FINANCIAMENTO",S$25:S$46) -> 875258.21 | T48: =SUMIF($D$25:$D$46,"FINANCIAMENTO",T$25:T$46) -> 0.75542056
B49: C | D49: CONTRAPARTIDA | E49: R$ | F49: =SUMIF($D$25:$D$46,"CONTRAPARTIDA",F$25:F$46) -> 16227.715 | G49: =SUMIF($D$25:$D$46,"CONTRAPARTIDA",G$25:G$46) -> 39276.544 | H49: =SUMIF($D$25:$D$46,"CONTRAPARTIDA",H$25:H$46) -> 68640.418 | I49: =SUMIF($D$25:$D$46,"CONTRAPARTIDA",I$25:I$46) -> 71413.135 | J49: =SUMIF($D$25:$D$46,"CONTRAPARTIDA",J$25:J$46) -> 55657.318 | K49: =SUMIF($D$25:$D$46,"CONTRAPARTIDA",K$25:K$46) -> 32163.66 | L49: =SUMIF($D$25:$D$46,"CONTRAPARTIDA",L$25:L$46) -> 0 | M49: =SUMIF($D$25:$D$46,"CONTRAPARTIDA",M$25:M$46) -> 0 | ... Q49: =SUMIF($D$25:$D$46,"CONTRAPARTIDA",Q$25:Q$46) -> 0 | S49: =SUMIF($D$25:$D$46,"CONTRAPARTIDA",S$25:S$46) -> 283378.79 | T49: =SUMIF($D$25:$D$46,"CONTRAPARTIDA",T$25:T$46) -> 0.24457944
B51: FATURAMENTO MENSAL PREVISTO | E51: R$ | F51: =SUM(F48:F49) -> 66349.464 | G51: =SUM(G48:G49) -> 160588.08 | H51: =SUM(H48:H49) -> 280646.72 | I51: =SUM(I48:I49) -> 291983.39 | J51: =SUM(J48:J49) -> 227563.35 | K51: =SUM(K48:K49) -> 131505.98 | L51: =SUM(L48:L49) -> 0 | M51: =SUM(M48:M49) -> 0 | ... Q51: =SUM(Q48:Q49) -> 0 | S51: =SUM(F51:Q51) -> 1158637 | T51: =SUM(T48:T49) -> 1
B52: MENSAL PARCIAL PREVISTO EM % | E52: R$ | F52: =IF($S$51=0,0,F51/$S$51) -> 0.057265101 | G52: =IF($S$51=0,0,G51/$S$51) -> 0.13860086 | H52: =IF($S$51=0,0,H51/$S$51) -> 0.24222144 | I52: =IF($S$51=0,0,I51/$S$51) -> 0.25200593 | J52: =IF($S$51=0,0,J51/$S$51) -> 0.19640608 | K52: =IF($S$51=0,0,K51/$S$51) -> 0.11350059 | L52: =IF($S$51=0,0,L51/$S$51) -> 0 | M52: =IF($S$51=0,0,M51/$S$51) -> 0 | ... Q52: =IF($S$51=0,0,Q51/$S$51) -> 0 | S52: =S48+S49 -> 1158637 | T52: =SUM(F52:Q52) -> 1
B53: MENSAL ACUMULADO PREVISTO EM % | E53: R$ | F53: =F52 -> 0.057265101 | G53: =IF(G51=0,0,F53+G52) -> 0.19586596 | H53: =IF(H51=0,0,G53+H52) -> 0.4380874 | I53: =IF(I51=0,0,H53+I52) -> 0.69009333 | J53: =IF(J51=0,0,I53+J52) -> 0.88649941 | K53: =IF(K51=0,0,J53+K52) -> 1 | L53: =IF(L51=0,0,K53+L52) -> 0 | M53: =IF(M51=0,0,L53+M52) -> 0 | N53: =IF(N51=0,0,M53+N52) -> 0 | ... Q53: =IF(Q51=0,0,P53+Q52) -> 0 | S53: =IF(S51=S52,"OK","CORRIGIR") -> OK | T53: =IF(T51=T52,"OK","CORRIGIR") -> OK
B54: Resp. Técnico: | F54: Assinatura: | J54: Prefeito: MAICON GROSSKOPF | N54: Assinatura: | Q54: data: 22/03/20222
G55: ___________________________ | O55: __________________

Sheet planilha de servicos
A1: PLANILHA DE SERVIÇOS - PAVIMENTAÇÃO
A2: Município: | C2: PIÊN | G2: SAM | H2: 73
A3: Projeto: | C3: PAVIMENTAÇÃO DE VIA URBANA | G3: LOTE nº | H3: 1
A4: Local da Obra: | C4: ESTRADA MUNICIPAL KO-002 - TRECHO 3
A5: Código | B5: Origem | C5: DESCRIÇÃO DOS SERVIÇOS | D5: UD | E5: ORÇAMENTO APROVADO
E6: QUANT | F6: UNIT | G6: ( R$ ) - PM | H6: ( R$ ) - PM TOTAIS
A7: 1 | C7: SERVIÇOS PRELIMINARES | H7: =SUM(G8:G8) -> 2132.69
A8: COMPOSIÇÃO1 | B8: Orçacivil | C8: PLACA DE OBRA TIPO BANNER, 4,00 X 2,00 M, EM QUADRO DE METALON 20 X 20 MM E LONA 360 G, COM IMPRESSÃO DIGITAL, FIXADA EM ESTRUTURA DE MADEIRA. | D8: un | E8: 1 | F8: 2132.69 | G8: =IF(ISBLANK(E8),0,ROUND(E8*F8,2)) -> 2132.69
A9: 2 | C9: TERRAPLENAGEM | H9: =SUM(G10:G11) -> 7083.04
A10: 401000 | B10: DER | C10: Compactação de Aterros 100% P.N. | D10: m3 | E10: 639.28 | F10: 5.25 | G10: =IF(ISBLANK(E10),0,ROUND(E10*F10,2)) -> 3356.22
A11: 520100A | B11: DER | C11: Escavação e carga mat. jazida 1a. cat./sem transporte | D11: m3 | E11: 831.88 | F11: 4.48 | G11: =IF(ISBLANK(E11),0,ROUND(E11*F11,2)) -> 3726.82
A12: 3 | C12: BASE / SUB-BASE | H12: =SUM(G13:G15) -> 237355.36
A13: 511100A | B13: DER | C13: Regularização compac.subleito 100% PN | D13: m2 | E13: 5587.07 | F13: 3.42 | G13: =IF(ISBLANK(E13),0,ROUND(E13*F13,2)) -> 19107.78
A14: 530200B | B14: DER | C14: Brita 4A | D14: m3 | E14: 838.06 | F14: 111.57 | G14: =IF(ISBLANK(E14),0,ROUND(E14*F14,2)) -> 93502.35
A15: 531000A | B15: DER | C15: Brita Graduada | D15: m3 | E15: 838.06 | F15: 148.85 | G15: =IF(ISBLANK(E15),0,ROUND(E15*F15,2)) -> 124745.23
A16: 4 | C16: REVESTIMENTO | H16: =SUM(G17:G24) -> 512552.04
A17: 560100B | B17: DER | C17: Imprimação com Emulsão EAI - exclusive emulsão | D17: m2 | E17: 5321.14 | F17: 0.4 | G17: =IF(ISBLANK(E17),0,ROUND(E17*F17,2)) -> 2128.46
A18: 589190A | B18: DER mat | C18: Fornecimento de emulsão EAI - imprimação | D18: ton | E18: 5.85 | F18: 4274.49 | G18: =IF(ISBLANK(E18),0,ROUND(E18*F18,2)) -> 25005.77
A19: 561100A | B19: DER | C19: Pintura de ligação com RR-1C - exclusive emulsão (pista + travessia elevada) | D19: m2 | E19: 10714.28 | F19: 0.28 | G19: =IF(ISBLANK(E19),0,ROUND(E19*F19,2)) -> 3000
A20: 589420B | B20: DER mat | C20: Fornecimento de emulsão RR-1C - pintura de ligaçãp | D20: ton | E20: 5.36 | F20: 3556.76 | G20: =IF(ISBLANK(E20),0,ROUND(E20*F20,2)) -> 19064.23
A21: 570200 | B21: DER | C21: CBUQ - BINDER (Quantidade menor que 10000 toneladas) | D21: ton | E21: 510.83 | F21: 188.17 | G21: =IF(ISBLANK(E21),0,ROUND(E21*F21,2)) -> 96122.88
A22: 589000F | B22: DER mat | C22: Fornecimento de CAP - CBUQ (Quantidade menor que 10000 toneladas) | D22: ton | E22: 22.99 | F22: 5350.87 | G22: =IF(ISBLANK(E22),0,ROUND(E22*F22,2)) -> 123016.5
A23: 570000B | B23: DER | C23: CBUQ - CAPA Traço 1 (pista + travessia elevada) | D23: ton | E23: 528.65 | F23: 194.44 | G23: =IF(ISBLANK(E23),0,ROUND(E23*F23,2)) -> 102790.71
A24: 589000I | B24: DER mat | C24: Fornecimento de CAP - CBUQ (Quantidade menor que 10000 toneladas) | D24: ton | E24: 26.43 | F24: 5350.87 | G24: =IF(ISBLANK(E24),0,ROUND(E24*F24,2)) -> 141423.49
A25: 5 | C25: MEIO-FIO E SARJETA | H25: =SUM(G26:G27) -> 8272.39
A26: 810150 | B26: DER | C26: Meio-Fio com Sarjeta DER - Tipo 2 - (0,042 m3) - Pré-Moldado | D26: m | E26: 106.32 | F26: 50.61 | G26: =IF(ISBLANK(E26),0,ROUND(E26*F26,2)) -> 5380.86
A27: 810650 | B27: DER | C27: Meio-Fio com Sarjeta DER - Tipo 7 - (0,031 m3) - Pré-Moldado | D27: m | E27: 68.02 | F27: 42.51 | G27: =IF(ISBLANK(E27),0,ROUND(E27*F27,2)) -> 2891.53
A28: 6 | C28: SERVIÇOS DE URBANIZAÇÃO | H28: =SUM(G29:G36) -> 41277.4
A29: 511100B | B29: DER | C29: Regularização e Compactação 100% PN - Passeio com Pavimento | D29: m2 | E29: 507.06 | F29: 3.42 | G29: =IF(ISBLANK(E29),0,ROUND(E29*F29,2)) -> 1734.15
A30: 531000B | B30: DER | C30: Brita Graduada - Passeio | D30: m3 | E30: 35.84 | F30: 148.85 | G30: =IF(ISBLANK(E30),0,ROUND(E30*F30,2)) -> 5334.78
A31: 561100B | B31: DER | C31: Pintura de ligação com RR-1C - exclusive emulsão | D31: m2 | E31: 273.51 | F31: 0.28 | G31: =IF(ISBLANK(E31),0,ROUND(E31*F31,2)) -> 76.58
A32: 589420D | B32: DER mat | C32: Fornecimento de emulsão RR-1C - pintura de ligação | D32: ton | E32: 0.14 | F32: 3554.36 | G32: =IF(ISBLANK(E32),0,ROUND(E32*F32,2)) -> 497.61
A33: 570000E | B33: DER | C33: CBUQ - PASSEIO (Quantidade menor que 10000 toneladas) | D33: ton | E33: 21.73 | F33: 194.4 | G33: =IF(ISBLANK(E33),0,ROUND(E33*F33,2)) -> 4224.31
A34: 589000Q | B34: DER mat | C34: Fornecimento de CAP - CBUQ (Quantidade menor que 10000 toneladas) | D34: ton | E34: 1.24 | F34: 5350.87 | G34: =IF(ISBLANK(E34),0,ROUND(E34*F34,2)) -> 6635.08
A35: 98504 | B35: SINAPI | C35: Plantio de Grama em placas | D35: m2 | E35: 233.55 | F35: 13.1 | G35: =IF(ISBLANK(E35),0,ROUND(E35*F35,2)) -> 3059.51
A36: 800100 | B36: DER | C36: Hidrossemeadura | D36: m2 | E36: 1724.88 | F36: 11.43 | G36: =IF(ISBLANK(E36),0,ROUND(E36*F36,2)) -> 19715.38
A37: 7 | C37: SINALIZAÇÃO DE TRÂNSITO | H37: =SUM(G38:G43) -> 35041.61
A38: 873000 | B38: DER | C38: Tachão refletivo bidirecional | D38: un | E38: 400 | F38: 40.83 | G38: =IF(ISBLANK(E38),0,ROUND(E38*F38,2)) -> 16332
A39: 822000 | B39: DER | C39: Faixa de Sinalização Horizontal c/tinta resina acrílica base solvente- (0,034 m2/m2) | D39: m2 | E39: 381.15 | F39: 28.85 | G39: =IF(ISBLANK(E39),0,ROUND(E39*F39,2)) -> 10996.18
A40: 820000A | B40: DER | C40: Placa sinalização refletiva - SEM SUPORTE | D40: m2 | E40: 1.5 | F40: 645.82 | G40: =IF(ISBLANK(E40),0,ROUND(E40*F40,2)) -> 968.73
A41: 821300 | B41: DER | C41: Suporte metál.galv.fogo d=2,5" c/tampa e aletas anti-giro h=3,00m | D41: un | E41: 4 | F41: 390.32 | G41: =IF(ISBLANK(E41),0,ROUND(E41*F41,2)) -> 1561.28
A42: 820000F | B42: DER | C42: Placa sinalização refletiva-círculo (0,1964 m2/ud) + suporte METÁLICO | D42: un | E42: 7 | F42: 517.16 | G42: =IF(ISBLANK(E42),0,ROUND(E42*F42,2)) -> 3620.12
A43: 820000I | B43: DER | C43: Placa sinalização refletiva-losango (0,2025 m2/ud) + suporte METÁLICO | D43: un | E43: 3 | F43: 521.1 | G43: =IF(ISBLANK(E43),0,ROUND(E43*F43,2)) -> 1563.3
A44: 8 | C44: ILUMINAÇÃO PÚBLICA | H44: =SUM(G45:G45) -> 24061.6
A45: 844000 | B45: DER | C45: Remanejamento postes linha transmissão | D45: un | E45: 5 | F45: 4812.32 | G45: =IF(ISBLANK(E45),0,ROUND(E45*F45,2)) -> 24061.6
A46: 10 | C46: DRENAGEM | H46: =SUM(G47:G65) -> 260393.39
A47: 600300 | B47: DER | C47: Escavação de Bueiros em 1ª Categoria | D47: m3 | E47: 721.31 | F47: 9.35 | G47: =IF(ISBLANK(E47),0,ROUND(E47*F47,2)) -> 6744.25
A48: 630400 | B48: DER | C48: Remoção de bueiro 0,40m | D48: m | E48: 128 | F48: 21.77 | G48: =IF(ISBLANK(E48),0,ROUND(E48*F48,2)) -> 2786.56
A49: 601200A | B49: DER | C49: Reaterro e apiloamento mecânico | D49: m3 | E49: 150.14 | F49: 31.65 | G49: =IF(ISBLANK(E49),0,ROUND(E49*F49,2)) -> 4751.93
A50: 97624C | B50: SINAPI | C50: DEMOLIÇÃO DE ALVENARIA DE TIJOLO SEM APROVEITAMENTO | D50: m3 | E50: 1.89 | F50: 116.05 | G50: =IF(ISBLANK(E50),0,ROUND(E50*F50,2)) -> 219.33
A51: 620300 | B51: DER | C51: Boca (Ala) de BSTC ø 1,00 m | D51: un | E51: 2 | F51: 2774.67 | G51: =IF(ISBLANK(E51),0,ROUND(E51*F51,2)) -> 5549.34
A52: 610400A | B52: DER | C52: Corpo de BSTC ø 0,40 sem Berço e sem Armação | D52: m | E52: 89 | F52: 89.25 | G52: =IF(ISBLANK(E52),0,ROUND(E52*F52,2)) -> 7943.25
A53: 610600A | B53: DER | C53: Corpo de BSTC ø 0,60 sem Berço e sem Armação | D53: m | E53: 48 | F53: 152.91 | G53: =IF(ISBLANK(E53),0,ROUND(E53*F53,2)) -> 7339.68
A54: 610400C | B54: DER | C54: Corpo de BSTC ø 0,40 Sem Berço c/ Armação Símples CA-1 | D54: m | E54: 283 | F54: 213.02 | G54: =IF(ISBLANK(E54),0,ROUND(E54*F54,2)) -> 60284.66
A55: 610600D | B55: DER | C55: Corpo de BSTC ø 0,60 Sem Berço c/ Armação Símples CA-1 | D55: m | E55: 100 | F55: 274.32 | G55: =IF(ISBLANK(E55),0,ROUND(E55*F55,2)) -> 27432
A56: 611000B | B56: DER | C56: Corpo de BSTC ø 1,00 Sem Berço c/ Armação Símples CA-1 | D56: m | E56: 3 | F56: 532.57 | G56: =IF(ISBLANK(E56),0,ROUND(E56*F56,2)) -> 1597.71
A57: BLSM120 | B57: DER | C57: B.L. Símples pré-moldado H até 1,20 m | D57: un | E57: 6 | F57: 1138.11 | G57: =IF(ISBLANK(E57),0,ROUND(E57*F57,2)) -> 6828.66
A58: CLM040 | B58: DER | C58: C.L. pré-moldado Tubo até 0,40 | D58: un | E58: 7 | F58: 530.8 | G58: =IF(ISBLANK(E58),0,ROUND(E58*F58,2)) -> 3715.6
A59: CLM060 | B59: DER | C59: C.L. pré-moldado Tubo até 0,60 | D59: un | E59: 1 | F59: 815.44 | G59: =IF(ISBLANK(E59),0,ROUND(E59*F59,2)) -> 815.44
A60: DISSIPM | B60: DER | C60: Dissipador de Energia c/Pedra de Mão tubo ø 1,00 | D60: un | E60: 1 | F60: 2985.89 | G60: =IF(ISBLANK(E60),0,ROUND(E60*F60,2)) -> 2985.89
A61: 516200 | B61: DER | C61: Rachão s/ britagem | D61: m3 | E61: 414.83 | F61: 90.07 | G61: =IF(ISBLANK(E61),0,ROUND(E61*F61,2)) -> 37363.74
A62: 650600 | B62: DER | C62: Sarjeta triangular concreto - tipo 4 | D62: m | E62: 820 | F62: 68.35 | G62: =IF(ISBLANK(E62),0,ROUND(E62*F62,2)) -> 56047
A63: 655400 | B63: DER | C63: Transp.segmento sarjeta tipo- 2 (ST-2/SZ-3) c/tubo 0,30m | D63: m | E63: 45 | F63: 272.25 | G63: =IF(ISBLANK(E63),0,ROUND(E63*F63,2)) -> 12251.25
B64: COMP | C64: Caixa Coletora de Sarjeta com Grelha de Ferro | D64: un | E64: 10 | F64: 1573.71 | G64: =IF(ISBLANK(E64),0,ROUND(E64*F64,2)) -> 15737.1
A65: 11 | C65: ENSAIOS TECNOLÓGICOS (Os custos com mobilização e desmobilização de equipe e equipamentos para a extração de amostras para os ensaios tecnológicos, exceto da capa asfáltica, serão de responsabilidade da empresa executora da obra) | H65: =SUM(G66:G75) -> 30467.48
A66: 8.1 | B66: DAER/RS | C66: Ensaio de Massa Específica - In Situ - Método Frasco de Areia (Grau de Compactação) - Regularização e Compactação do Subleito | D66: un | E66: 8 | F66: 142.38 | G66: =IF(ISBLANK(E66),0,ROUND(E66*F66,2)) -> 1139.04
A67: 8.1 | B67: DAER/RS | C67: Ensaio de Massa Específica - In Situ - Método Frasco de Areia (Grau de Compactação) - Sub-base e Base | D67: un | E67: 16 | F67: 142.38 | G67: =IF(ISBLANK(E67),0,ROUND(E67*F67,2)) -> 2278.08
A68: 5.1 | B68: DAER/RS | C68: Ensaio de Granulometria do Agregado | D68: un | E68: 16 | F68: 145.16 | G68: =IF(ISBLANK(E68),0,ROUND(E68*F68,2)) -> 2322.56
A69: 74022/27 | B69: SEIL/2016 | C69: Ensaio de Controle de Taxa de Aplicação de Ligante Betuminoso | D69: un | E69: 16 | F69: 95.71 | G69: =IF(ISBLANK(E69),0,ROUND(E69*F69,2)) -> 1531.36
A70: 7.4 | B70: DAER/RS | C70: Ensaio de Percentagem de Betume - Misturas Betuminosas | D70: un | E70: 16 | F70: 172.41 | G70: =IF(ISBLANK(E70),0,ROUND(E70*F70,2)) -> 2758.56
A71: 74022/53 | B71: SEIL/2016 | C71: Ensaio de Controle do Grau de Compactação da Mistura Asfáltica | D71: un | E71: 16 | F71: 100.86 | G71: =IF(ISBLANK(E71),0,ROUND(E71*F71,2)) -> 1613.76
A72: 74022/56 | B72: SEIL/2016 | C72: Ensaio de Densidade do Material Betuminoso | D72: un | E72: 16 | F72: 82.19 | G72: =IF(ISBLANK(E72),0,ROUND(E72*F72,2)) -> 1315.04
A73: 74022/55 | B73: SEIL/2016 | C73: Ensaio de Tração por Compressão Diametral - Misturas Betuminosas | D73: un | E73: 16 | F73: 221.99 | G73: =IF(ISBLANK(E73),0,ROUND(E73*F73,2)) -> 3551.84
A74: 7.1 | B74: DAER/RS | C74: Extração de Corpo de Prova de Concreto Asfáltico com Sonda Rotativa | D74: un | E74: 16 | F74: 134.43 | G74: =IF(ISBLANK(E74),0,ROUND(E74*F74,2)) -> 2150.88
A75: 3.20 | B75: DAER/RS | C75: Mobilização e Desmobilização de Equipamento e Equipe para Extração de Corpos de Prova da Capa Asfáltica | D75: gb | E75: 2 | F75: 5903.18 | G75: =IF(ISBLANK(E75),0,ROUND(E75*F75,2)) -> 11806.36
A76: x | C76: PREÇO GLOBAL | G76: =SUBTOTAL(9,G7:G75) -> 1158637 | H76: =SUBTOTAL(9,H7:H75) -> 1158637
